Workbook

Sheet SUMMARY 1 - Global View
A1: Summary - Pirelli vs Hankook
A2: (Valuation at 31/12/2024; per-share values in € and ₩; projects in USD m)
A4: Cost of Capital | B4: Pirelli | C4: Hankook | D4: Unit | E4: Reading
A5: Cost of Equity (Re) | B5: =WACC!B14 -> 0.10897856 | C5: =WACC!C14 -> 0.074838486 | D5: percentage
A6: Cost of Debt after tax | B6: =WACC!B19 -> 0.02908736 | C6: =WACC!C19 -> 0.02558572 | D6: percentage
A7: WACC | B7: =WACC!B24 -> 0.076079883 | C7: =WACC!C24 -> 0.058803434 | D7: percentage | E7: Gap driven by country risk (Italy vs Korea) and leverage
A9: Valuation per Share | B9: Pirelli | C9: Hankook | D9: Unit | E9: Reading
A10: DCF | B10: =DCF_Pirelli!B44 -> 9.2224953 | C10: =DCF_Hankook!B44 -> 198911.88 | D10: € - ₩ / share | E10: Intrinsic value under our assumptions (upper bound)
A11: Comparative (sector multiples) | B11: =Multiples!B23 -> 5.9022701 | C11: =Multiples!C23 -> 107372.99 | D11: € - ₩ / share | E11: Market-based value (lower bound)
A12: Patrimonial (Book Value) | B12: =Multiples!B24 -> 5.756071 | C12: =Multiples!C24 -> 90995.03 | D12: € - ₩ / share
A13: Market Price (30/12/2024) | B13: =Inputs!B11 -> 5.47 | C13: =Inputs!C11 -> 38400 | D13: € - ₩ / share
A14: DCF upside vs Market Price | B14: =DCF_Pirelli!B46 -> 0.68601377 | C14: =DCF_Hankook!B46 -> 4.1799969 | D14: percentage | E14: Pirelli priced like the sector; Hankook at a company-specific discount
A16: EV/EBITDA | B16: Pirelli | C16: Hankook | D16: Unit | E16: Reading
A17: Sector | B17: =Multiples!B5 -> 5.726 | C17: =Multiples!C5 -> 5.726 | D17: x
A18: Market | B18: =Multiples!B29 -> 5.163098 | C18: =Multiples!C29 -> 1.9010747 | D18: x
A19: DCF | B19: =Multiples!B30 -> 7.7021018 | C19: =Multiples!C30 -> 10.499273 | D19: x | E19: DCF above sector: market expects lower cash flows
A21: Investment Projects | B21: Pirelli | C21: Hankook | D21: Unit | E21: Reading
A22: Project | B22: =Proj_Inputs!B5 -> Rome (Georgia) plant expansion | C22: =Proj_Inputs!C5 -> Clarksville (Tennessee) plant expansion | D22: text
A23: NPV (base case) | B23: =NPV_Pirelli!B34 -> 405.32106 | C23: =NPV_Hankook!B34 -> -89.741191 | D23: USD m | E23: Pirelli creates value; Hankook does not cover its cost of capital
A24: IRR | B24: =NPV_Pirelli!B36 -> 0.1219039 | C24: =NPV_Hankook!B36 -> 0.053335884 | D24: percentage
A25: Global IRR (reinvestment at WACC) | B25: =NPV_Pirelli!B53 -> 0.096250076 | C25: =NPV_Hankook!B53 -> 0.056110043 | D25: percentage | E25: Pirelli stays above its WACC even with reinvestment at the WACC
A26: WACC (hurdle rate) | B26: =NPV_Pirelli!B37 -> 0.076079883 | C26: =NPV_Hankook!B37 -> 0.058803434 | D26: percentage
A27: Profitability index | B27: =NPV_Pirelli!B40 -> 1.4460971 | C27: =NPV_Hankook!B40 -> 0.93701797 | D27: number
A28: NPV - downside scenario | B28: =Risk_Analysis!B9 -> -100.13357 | C28: =Risk_Analysis!B10 -> -643.42669 | D28: USD m
A29: NPV - upside scenario | B29: =Risk_Analysis!D9 -> 740.3258 | C29: =Risk_Analysis!D10 -> 254.42989 | D29: USD m
A30: Probability of NPV < 0 (simulation) | B30: =Risk_Analysis!B21 -> 0.052 | C30: =Risk_Analysis!C21 -> 0.878 | D30: percentage | E30: Hankook project fragile: needs the upside to create value
A31: Security Index (Financial Break-Even) | B31: =NPV_Pirelli!B58 -> 0.33955876 | C31: =NPV_Hankook!B58 -> -0.083591687 | D31: percentage | E31: Pirelli's sales can fall 34% before NPV < 0; Hankook is already below break-even
A33: NAV | B33: Pirelli | C33: Hankook | D33: Unit | E33: Reading
A34: Book NAV per Share | B34: =NAV!B28 -> 5.756071 | C34: =NAV!C28 -> 90995.025 | D34: € - ₩ / share
A35: Adjusted NAV per Share | B35: =NAV!B29 -> 5.756071 | C35: =NAV!C29 -> 84835.43 | D35: € - ₩ / share | E35: Hanon Systems stake at market value
A36: Price / Adjusted NAV | B36: =NAV!B31 -> 0.950301 | C36: =NAV!C31 -> 0.45264107 | D36: x | E36: Pirelli at its net assets; Hankook at less than half
A37: Adjusted NAV vs book NAV | B37: =NAV!B32 -> 0 | C37: =NAV!C32 -> -0.06769156 | D37: percentage

Sheet Inputs
A1: Market Inputs – December 31st 2024
A3: Input | B3: Pirelli | C3: Hankook | D3: Unit | E3: Source / Notes
A4: Risk-free (10Y German Bund, 31/12/24) | B4: 0.0236 | C4: 0.0236 | D4: percentage | E4: =HYPERLINK("https://www.bundesbank.de/resource/blob/945418/7d4449db7e1a9c1926c3c74425c579f2/472B63F073F071307366337C94F8C870/2025-01-02-rendite-download.pdf", "Deutsche Bundesbank, daily yields of listed Federal securities, 02/01/2025: 10-year Bund yield 2,36%") -> Deutsche Bundesbank, daily yields of listed Federal securities, 02/01/2025: 10-year Bund yield 2,36%
A5: Mature-market equity risk premium | B5: 0.0433 | C5: 0.0433 | D5: percentage | E5: =HYPERLINK("https://pages.stern.nyu.edu/~adamodar/pc/archives/ctryprem24.xlsx", "Damodaran, ctryprem24.xlsx, sheet 'ERPs by country', update 01/01/2025") -> Damodaran, ctryprem24.xlsx, sheet 'ERPs by country', update 01/01/2025
A6: Country risk premium - equity (country of domicile) | B6: 0.029332 | C6: 0.006588 | D6: percentage | E6: =HYPERLINK("https://pages.stern.nyu.edu/~adamodar/pc/archives/ctryprem24.xlsx", "Damodaran, ctryprem24.xlsx, sheet 'ERPs by country', update 01/01/2025") -> Damodaran, ctryprem24.xlsx, sheet 'ERPs by country', update 01/01/2025
A7: Country default spread (info only) | B7: 0.021768 | C7: 0.004889 | D7: percentage | E7: =HYPERLINK("https://pages.stern.nyu.edu/~adamodar/pc/archives/ctryprem24.xlsx", "Damodaran, ctryprem24.xlsx, sheet 'ERPs by country', update 01/01/2025") -> Damodaran, ctryprem24.xlsx, sheet 'ERPs by country', update 01/01/2025
A8: Credit rating (at 31/12/24) | B8: Fitch BBB (stable) / S&P BBB- (positive) | C8: Moody's Baa2 (stable) | E8: =HYPERLINK("https://corp-assets.pirelli.com/corporate/Annual_Report_Pirelli_2024_ENG.pdf", "Pirelli: Annual Report 2024") -> Pirelli: Annual Report 2024 | H8: / | I8: =HYPERLINK("https://www.hankooktire.com/global/en/investors/financial-information-results/credit-ratings.html", "Hankook: hankooktire.com, Investors > Credit ratings") -> Hankook: hankooktire.com, Investors > Credit ratings
A9: Default spread for the rating (lower rating if split) | B9: 0.014 | C9: 0.012 | D9: percentage | E9: =HYPERLINK("https://pages.stern.nyu.edu/~adamodar/pc/archives/bondspreads24.xlsx", "Damodaran, bondspreads24.xlsx, 'Spread 2025': BBB- = 1,40%, Baa2/BBB = 1,20%") -> Damodaran, bondspreads24.xlsx, 'Spread 2025': BBB- = 1,40%, Baa2/BBB = 1,20%
A10: Shares Outstanding | B10: 1000 | C10: 121.98875 | D10: millions | E10: =HYPERLINK("https://corporate.pirelli.com/corporate/en-ww/investors/shareholder-information/share-capital-eng", "Pirelli: pirelli.com, Share Capital") -> Pirelli: pirelli.com, Share Capital | H10: / | I10: =HYPERLINK("https://www.hankooktire.com/global/ko/investors/shares-shareholders/distribution-shares.html", "Hankook: hankooktire.com, distribution of shares") -> Hankook: hankooktire.com, distribution of shares
A11: Closing price (at 30/12/24) (last trading day 2024) | B11: 5.47 | C11: 38400 | D11: € / KRW | E11: =HYPERLINK("https://finance.yahoo.com/quote/PIRC.MI/history/", "Yahoo Finance historical prices: PIRC.MI") -> Yahoo Finance historical prices: PIRC.MI | H11: / | I11: =HYPERLINK("https://finance.yahoo.com/quote/161390.KS/history/", "Yahoo Finance historical prices: 161390.KS") -> Yahoo Finance historical prices: 161390.KS
A12: FX used (KRW per €) | C12: =1/(6.7778229632642E-07*1000) -> 1475.4 | D12: KRW / € | E12: =HYPERLINK("https://www.bundesbank.de/resource/blob/810486/a6f85aac3ac47b07ea32eae66e4bfa82/mL/ii-euro-referenzkurse-der-ezb-data.pdf", "Deutsche Bundesbank, Exchange rate statistics, Table 3: ECB 2024 annual average") -> Deutsche Bundesbank, Exchange rate statistics, Table 3: ECB 2024 annual average
A13: FX spot (at 31/12/24) (info only) | C13: 1532.15 | D13: KRW / € | E13: =HYPERLINK("https://www.ecb.europa.eu/stats/exchange/eurofxref/shared/pdf/2024/12/20241231.pdf", "ECB euro reference rates, 31/12/2024. Not used in calculations") -> ECB euro reference rates, 31/12/2024. Not used in calculations
A14: Assumption: terminal growth rate g | B14: 0.02 | C14: 0.02 | D14: percentage | E14: Model assumption
A16: Market values | B16: Pirelli | C16: Hankook | D16: Unit | E16: Source / Notes
A17: Market capitalisation (at 30/12/24) | B17: =B11*B10 -> 5470 | C17: =C11*C10 -> 4684368.1 | D17: €m / KRWm (millions) | E17: price * Share Outstanding
A18: Market value of equity | B18: =B17*1000 -> 5470000 | C18: =C17*1000/C12 -> 3174981.8 | D18: k€ | E18: converted to k€
A20: CAPM Inputs | B20: Pirelli | C20: Hankook | D20: Unit | E20: Source / Notes
A21: Market risk premium PRm (mature + country) | B21: =B5+B6 -> 0.072632 | C21: =C5+C6 -> 0.049888 | D21: percentage | E21: =HYPERLINK("https://pages.stern.nyu.edu/~adamodar/pc/archives/ctryprem24.xlsx", "Damodaran, ctryprem24.xlsx, 'Total Equity Risk Premium', 01/01/2025") -> Damodaran, ctryprem24.xlsx, 'Total Equity Risk Premium', 01/01/2025
A22: Asset (unlevered) beta | B22: 0.762524 | C22: 0.762524 | D22: number | E22: =HYPERLINK("https://pages.stern.nyu.edu/~adamodar/pc/archives/betaGlobal24.xls", "Damodaran, betaGlobal24.xls (05/01/2025), Rubber & Tires, 92 firms, unlevered beta corrected for cash") -> Damodaran, betaGlobal24.xls (05/01/2025), Rubber & Tires, 92 firms, unlevered beta corrected for cash
A23: Assumption: debt beta | B23: 0 | C23: 0 | D23: number | E23: Assumption: debt beta = 0 (investment-grade debt)
A24: Corporate tax rate T (effective 2024) | B24: 0.2264 | C24: 0.2813 | D24: percentage | E24: =HYPERLINK("https://corp-assets.pirelli.com/corporate/Annual_Report_Pirelli_2024_ENG.pdf", "Pirelli: Annual Report 2024") -> Pirelli: Annual Report 2024 | H24: / | I24: =HYPERLINK("https://www.hankooktire.com/wsvc/api/pdf-viewer/document.servlet?documentPath=/content/dam/hankooktire/global/pdf/audit/2024_HankookTire_Technology_Consolidated_Audit_Report.pdf", "Hankook: Consolidated Audit Report 2024") -> Hankook: Consolidated Audit Report 2024
A26: No-tax Check Inputs | B26: Pirelli | C26: Hankook | D26: Unit | E26: Source / Notes
A27: Industry levered beta (for no-tax check) | B27: 0.913042 | C27: 0.913042 | D27: number | E27: =HYPERLINK("https://pages.stern.nyu.edu/~adamodar/pc/archives/betaGlobal24.xls", "Damodaran, betaGlobal24.xls (05/01/2025), sheet 'Industry Averages', Rubber & Tires (92 firms), cell C87 'Beta'") -> Damodaran, betaGlobal24.xls (05/01/2025), sheet 'Industry Averages', Rubber & Tires (92 firms), cell C87 'Beta'
A28: Industry D/E ratio (for no-tax check) | B28: 0.456543 | C28: 0.456543 | D28: percentage | E28: =HYPERLINK("https://pages.stern.nyu.edu/~adamodar/pc/archives/betaGlobal24.xls", "Damodaran, betaGlobal24.xls (05/01/2025), sheet 'Industry Averages', Rubber & Tires, cell D87 'D/E Ratio'") -> Damodaran, betaGlobal24.xls (05/01/2025), sheet 'Industry Averages', Rubber & Tires, cell D87 'D/E Ratio'
A29: Industry cash / firm value (for no-tax check) | B29: 0.107052 | C29: 0.107052 | D29: percentage | E29: =HYPERLINK("https://pages.stern.nyu.edu/~adamodar/pc/archives/betaGlobal24.xls", "Damodaran, betaGlobal24.xls (05/01/2025), sheet 'Industry Averages', Rubber & Tires, cell G87 'Cash/Firm Value'") -> Damodaran, betaGlobal24.xls (05/01/2025), sheet 'Industry Averages', Rubber & Tires, cell G87 'Cash/Firm Value'

Sheet Historical
A1: Historical Data 2022-2024
A2: (All Hankook figures are converted in k€ at ECB annual average rates: 1,358.07 / 1,412.88 / 1,475.40 KRW per €)
B4: Pirelli | E4: Hankook | H4: Pirelli | N4: Hankook
A5: Financial Data (k€) | B5: 2022 | C5: 2023 | D5: 2024 | E5: 2022 | F5: 2023 | G5: 2024 | H5: Sources | N5: Sources
A6: Revenues | B6: 6615727 | C6: 6650063 | D6: 6773324 | E6: 6180980 | F6: 6327233 | G6: 6379252 | H6: Annual Report 2024 & 2023, Consolidated Income Statement | N6: Audit Report 2024 (p.9) & 2023 (p.6), Statement of profit or loss
A7: EBIT (operating income) | B7: 791482 | C7: 808327 | D7: 902990 | E7: 519721 | F7: 939885 | G7: 1194429 | H7: Annual Report 2024 & 2023, Consolidated Income Statement | N7: Audit Report 2024 (p.9) & 2023 (p.6), Statement of profit or loss
A8: Depreciation & Amortisation | B8: 566689 | C8: 588463 | D8: 574950 | E8: 394584 | F8: 357993 | G8: 349082 | H8: Annual Report 2024 & 2023, Consolidated Income Statement | N8: Audit Report 2024 (p.9) & 2023 (p.6), Statement of profit or loss
A9: Capex (tangible + intangible) | B9: 335403 | C9: 399036 | D9: 403673 | E9: 226581 | F9: 303605 | G9: 706804 | H9: Annual Report 2024 & 2023, Consolidated Cash Flow Statement | N9: Audit Report 2024 (pp. 12-13) & 2023 (p.8), Statement of cash flows
A10: Inventories | B10: 1457711 | C10: 1371436 | D10: 1467707 | E10: 1803696 | F10: 1431563 | G10: 1615727 | H10: Annual Report 2024 & 2023, Consolidated Statement of Financial Position | N10: Audit Report 2024 (pp. 7-8) & 2023 (p. 5), Statement of financial position
A11: Trade receivables | B11: 636446 | C11: 649406 | D11: 622915 | E11: 1259222 | F11: 1326119 | G11: 1398471 | H11: Annual Report 2024 & 2023, Consolidated Statement of Financial Position | N11: Audit Report 2024 (pp. 7-8) & 2023 (p. 5), Statement of financial position
A12: Trade payables | B12: 1973296 | C12: 1999418 | D12: 2081617 | E12: 891581 | F12: 923606 | G12: 1007495 | H12: Annual Report 2024 & 2023, Consolidated Statement of Financial Position | N12: Audit Report 2024 (pp. 7-8) & 2023 (p. 5), Statement of financial position
A13: WCR | B13: =B10+B11-B12 -> 120861 | C13: =C10+C11-C12 -> 21424 | D13: =D10+D11-D12 -> 9005 | E13: =E10+E11-E12 -> 2171337 | F13: =F10+F11-F12 -> 1834076 | G13: =G10+G11-G12 -> 2006703
A14: Financial Debt | B14: 4490500 | C14: 3964205 | D14: 3829455 | E14: 1446949 | F14: 847983 | G14: 1532646 | H14: Annual Report 2024 & 2023, Consolidated Statement of Financial Position | N14: Audit Report 2024 (pp. 7-8) & 2023 (p. 5), Statement of financial position
A15: Cash & short-term financial investments | B15: 1536628 | C15: 1481528 | D15: 1668706 | E15: 1463107 | F15: 1952942 | G15: 1773298 | H15: Annual Report 2024 & 2023, Consolidated Statement of Financial Position | N15: Audit Report 2024 (pp. 7-8) & 2023 (p. 5), Statement of financial position
A16: Investments in associates | B16: 80227 | C16: 86397 | D16: 120790 | E16: 866754 | F16: 790584 | G16: 1234782 | H16: Annual Report 2024 & 2023, Consolidated Statement of Financial Position | N16: Audit Report 2024 (pp. 7-8) & 2023 (p. 5), Statement of financial position
A17: Total Equity (incl. minorities) | D17: 5912254 | G17: =11194852809819/Inputs!C12/1000 -> 7587673 | H17: Annual Report 2024 & 2023, Consolidated Statement of Financial Position | N17: Audit Report 2024 (pp. 8), Statement of financial position
B19: Pirelli | E19: Hankook
A20: Ratios | B20: 2022 | C20: 2023 | D20: 2024 | E20: 2022 | F20: 2023 | G20: 2024
A21: Revenue growth | C21: =C6/B6-1 -> 0.005190057 | D21: =D6/C6-1 -> 0.018535313 | F21: =F6/E6-1 -> 0.023661782 | G21: =G6/F6-1 -> 0.0082214453
A22: EBIT Margin | B22: =B7/B6 -> 0.11963644 | C22: =C7/C6 -> 0.12155178 | D22: =D7/D6 -> 0.13331564 | E22: =E7/E6 -> 0.084083915 | F22: =F7/F6 -> 0.14854598 | G22: =G7/G6 -> 0.18723653
A23: D&A % revenue | B23: =B8/B6 -> 0.085657857 | C23: =C8/C6 -> 0.088489838 | D23: =D8/D6 -> 0.084884467 | E23: =E8/E6 -> 0.06383842 | F23: =F8/F6 -> 0.056579709 | G23: =G8/G6 -> 0.054721463
A24: Capex % revenue | B24: =B9/B6 -> 0.05069783 | C24: =C9/C6 -> 0.060004845 | D24: =D9/D6 -> 0.059597474 | E24: =E9/E6 -> 0.036657779 | F24: =F9/F6 -> 0.04798385 | G24: =G9/G6 -> 0.11079732
A25: WCR % revenue | B25: =B13/B6 -> 0.018268741 | C25: =C13/C6 -> 0.0032216236 | D25: =D13/D6 -> 0.0013294802 | E25: =E13/E6 -> 0.35129332 | F25: =F13/F6 -> 0.28987015 | G25: =G13/G6 -> 0.31456713

Sheet WACC
A1: Weighted Average Cost of Capital - 31/12/2024 (EUR)
A3: Capital Structure (market values) | B3: Pirelli | C3: Hankook | D3: Unit | E3: Relevant Informations / Formulas
A4: Market Value of Equity (Ve) | B4: =Inputs!B18 -> 5470000 | C4: =Inputs!C18 -> 3174981.8 | D4: k€ | E4: Share price × Shares outstanding (30/12/2024)
A5: Financial Debt (Vfd) | B5: =Historical!D14 -> 3829455 | C5: =Historical!G14 -> 1532646 | D5: k€ | E5: Borrowings (current + non-current) (31/12/2024)
A6: Leverage Vfd/Ve | B6: =B5/B4 -> 0.70008318 | C6: =C5/C4 -> 0.48272592 | D6: number | E6: Vfd / Ve
A8: Cost of Equity (CAPM) | B8: Pirelli | C8: Hankook | D8: Unit | E8: Relevant Informations / Formulas
A9: Asset beta | B9: =Inputs!B22 -> 0.762524 | C9: =Inputs!C22 -> 0.762524 | D9: number | E9: Damodaran, Rubber & Tires, unlevered with taxes and corrected for cash
A10: Debt beta | B10: =Inputs!B23 -> 0 | C10: =Inputs!C23 -> 0 | D10: number | E10: Investment-grade debt assumed risk-free
A11: Equity beta | B11: =B9+(B9-B10)*B6*(1-Inputs!B24) -> 1.1754951 | C11: =C9+(C9-C10)*C6*(1-Inputs!C24) -> 1.0270704 | D11: number | E11: βe = βa + (βa − βfd) × (1 - T) × Vfd/Ve
A12: Risk-free rate | B12: =Inputs!B4 -> 0.0236 | C12: =Inputs!C4 -> 0.0236 | D12: percentage | E12: 10Y German Bond
A13: Market risk premium | B13: =Inputs!B21 -> 0.072632 | C13: =Inputs!C21 -> 0.049888 | D13: percentage | E13: PRm = Mature market ERP + Country risk premium
A14: Re | B14: =B12+B11*B13 -> 0.10897856 | C14: =C12+C11*C13 -> 0.074838486 | D14: percentage | E14: CAPM: Re = Rf + βe × PRm
A16: Cost of Debt | B16: Pirelli | C16: Hankook | D16: Unit | E16: Relevant Informations / Formulas
A17: Rd (pre-tax) | B17: =Inputs!B4+Inputs!B9 -> 0.0376 | C17: =Inputs!C4+Inputs!C9 -> 0.0356 | D17: percentage | E17: Rf + default spread for the credit rating
A18: Tax rate | B18: =Inputs!B24 -> 0.2264 | C18: =Inputs!C24 -> 0.2813 | D18: percentage | E18: Effective tax rate 2024
A19: Rd (after tax) | B19: =B17*(1-B18) -> 0.02908736 | C19: =C17*(1-C18) -> 0.02558572 | D19: percentage | E19: Rd × (1 - T)
A21: Weighted Average Cost of Capital | B21: Pirelli | C21: Hankook | D21: Unit | E21: Relevant Informations / Formulas
A22: Weight of Equity - Ve/(Ve+Vfd) | B22: =B4/(B4+B5) -> 0.58820651 | C22: =C4/(C4+C5) -> 0.67443348 | D22: percentage | E22: Ve / (Ve + Vfd)
A23: Weight of Debt - Vfd/(Ve+Vfd) | B23: =B5/(B4+B5) -> 0.41179349 | C23: =C5/(C4+C5) -> 0.32556652 | D23: percentage | E23: Vfd / (Ve + Vfd)
A24: WACC | B24: =B22*B14+B23*B19 -> 0.076079883 | C24: =C22*C14+C23*C19 -> 0.058803434 | D24: percentage | E24: WACC = Re × Ve/V + Rd × Vfd/V × (1 - T)
A26: Benchmark: Pirelli disclosed WACC 2024 | B26: 0.0814 | D26: percentage | E26: =HYPERLINK("https://corp-assets.pirelli.com/corporate/Annual_Report_Pirelli_2024_ENG.pdf", "Pirelli Annual Report 2024; goodwill impairment test, post-tax WACC") -> Pirelli Annual Report 2024; goodwill impairment test, post-tax WACC
A29: Check - relevering without taxes
A30: Damodaran's industry beta is unlevered with taxes, so the base case relevers with taxes to stay consistent with the source. As a check, we also run the calculation without taxes, as in the
A31: course material, applying it consistently to both unlevering and relevering. Since all other inputs are unchanged, any difference comes only from the beta convention: the WACC
A32: moves by less than 0.1 pp, confirming the estimate is robust.
A34: Cost of Equity - no tax relevering | B34: Pirelli | C34: Hankook | D34: Unit | E34: Relevant Informations / Formulas
A35: Asset beta (no tax) | B35: =Inputs!B27/(1+Inputs!B28)/(1-Inputs!B29) -> 0.70200673 | C35: =Inputs!C27/(1+Inputs!C28)/(1-Inputs!C29) -> 0.70200673 | D35: number | E35: βa = β / (1 + D/E) / (1 − Cash/Firm value)
A36: Equity beta (no tax) | B36: =B35+(B35-B10)*B6 -> 1.1934698 | C36: =C35+(C35-C10)*C6 -> 1.0408836 | D36: number | E36: βe = βa + (βa − βfd) × Vfd/Ve
A37: Re (no tax) | B37: =B12+B36*B13 -> 0.1102841 | C37: =C12+C36*C13 -> 0.0755276 | D37: percentage | E37: CAPM: Re = Rf + βe × PRm
A38: WACC (no tax) | B38: =B22*B37+B23*B19 -> 0.076847812 | C38: =C22*C37+C23*C19 -> 0.059268196 | D38: percentage | E38: WACC = Re × Ve/V + Rd × Vfd/V
A40: Difference vs base case | B40: =B38-B24 -> 0.00076792929 | C40: =C38-C24 -> 0.00046476156 | D40: percentage | E40: WACC (no tax) - WACC

Sheet DCF_Pirelli
A1: DCF Valuation - Pirelli (k€) - 31/12/2024
A3: Assumption | B3: 2024A | C3: 2025E | D3: 2026E | E3: 2027E | F3: 2028E | G3: 2029E | H3: Relevant Informations / Formulas
A4: Revenue growth | B4: =Historical!D21 -> 0.018535313 | C4: 0.03 | D4: 0.03 | E4: 0.03 | F4: 0.03 | G4: 0.03 | H4: Assumption: inflation + premium mix (high value strategy)
A5: EBIT Margin | B5: =Historical!D22 -> 0.13331564 | C5: =$B$5 -> 0.13331564 | D5: =$B$5 -> 0.13331564 | E5: =$B$5 -> 0.13331564 | F5: =$B$5 -> 0.13331564 | G5: =$B$5 -> 0.13331564 | H5: Assumption: 2024 margin held constant
A6: D&A % revenue | B6: =Historical!D23 -> 0.084884467 | C6: 0.08 | D6: 0.075 | E6: 0.07 | F6: 0.065 | G6: 0.06 | H6: Assumption: converges to capex by 2029 (steady state)
A7: Capex % revenue | B7: =Historical!D24 -> 0.059597474 | C7: 0.06 | D7: 0.06 | E7: 0.06 | F7: 0.06 | G7: 0.06 | H7: Assumption: in line with 2023-24
A8: WCR % revenue | B8: =Historical!D25 -> 0.0013294802 | C8: =$B$8 -> 0.0013294802 | D8: =$B$8 -> 0.0013294802 | E8: =$B$8 -> 0.0013294802 | F8: =$B$8 -> 0.0013294802 | G8: =$B$8 -> 0.0013294802 | H8: WCR held at 2024 % of revenue
A9: Tax rate | B9: =Inputs!$B$24 -> 0.2264 | C9: =Inputs!$B$24 -> 0.2264 | D9: =Inputs!$B$24 -> 0.2264 | E9: =Inputs!$B$24 -> 0.2264 | F9: =Inputs!$B$24 -> 0.2264 | G9: =Inputs!$B$24 -> 0.2264 | H9: Effective tax rate 2024
A11: Free Cash Flow | B11: 2024A | C11: 2025E | D11: 2026E | E11: 2027E | F11: 2028E | G11: 2029E | H11: Relevant Informations / Formulas
A12: (discount year) | B12: 0 | C12: 1 | D12: 2 | E12: 3 | F12: 4 | G12: 5
A13: Revenues | B13: =Historical!D6 -> 6773324 | C13: =B13*(1+C4) -> 6976523.7 | D13: =C13*(1+D4) -> 7185819.4 | E13: =D13*(1+E4) -> 7401394 | F13: =E13*(1+F4) -> 7623435.8 | G13: =F13*(1+G4) -> 7852138.9
A14: EBITDA | B14: =Historical!D7+Historical!D8 -> 1477940 | C14: =C13*(C5+C6) -> 1488201.6 | D14: =D13*(D5+D6) -> 1496918.5 | E14: =E13*(E5+E6) -> 1504819.1 | F14: =F13*(F5+F6) -> 1511846.5 | G14: =G13*(G5+G6) -> 1517941.2 | H14: EBIT margin + D&A %
A15: - D&A | B15: =-Historical!D8 -> -574950 | C15: =-C13*C6 -> -558121.9 | D15: =-D13*D6 -> -538936.46 | E15: =-E13*E6 -> -518097.58 | F15: =-F13*F6 -> -495523.33 | G15: =-G13*G6 -> -471128.33
A16: EBIT | B16: =B14+B15 -> 902990 | C16: =C14+C15 -> 930079.7 | D16: =D14+D15 -> 957982.09 | E16: =E14+E15 -> 986721.55 | F16: =F14+F15 -> 1016323.2 | G16: =G14+G15 -> 1046812.9
A17: - Taxes | B17: =-B16*B9 -> -204436.94 | C17: =-C16*C9 -> -210570.04 | D17: =-D16*D9 -> -216887.15 | E17: =-E16*E9 -> -223393.76 | F17: =-F16*F9 -> -230095.57 | G17: =-G16*G9 -> -236998.44 | H17: Tax on EBIT
A18: + D&A | B18: =-B15 -> 574950 | C18: =-C15 -> 558121.9 | D18: =-D15 -> 538936.46 | E18: =-E15 -> 518097.58 | F18: =-F15 -> 495523.33 | G18: =-G15 -> 471128.33 | H18: Non-cash cost added back
A19: OCF | B19: =B16+B17+B18 -> 1273503.1 | C19: =C16+C17+C18 -> 1277631.6 | D19: =D16+D17+D18 -> 1280031.4 | E19: =E16+E17+E18 -> 1281425.4 | F19: =F16+F17+F18 -> 1281751 | G19: =G16+G17+G18 -> 1280942.8 | H19: EBIT - Taxes + D&A (= SFC)
A20: - Capex | B20: =-Historical!D9 -> -403673 | C20: =-C13*C7 -> -418591.42 | D20: =-D13*D7 -> -431149.17 | E20: =-E13*E7 -> -444083.64 | F20: =-F13*F7 -> -457406.15 | G20: =-G13*G7 -> -471128.33
A21: WCR | B21: =Historical!D13 -> 9005 | C21: =C13*C8 -> 9275.15 | D21: =D13*D8 -> 9553.4045 | E21: =E13*E8 -> 9840.0066 | F21: =F13*F8 -> 10135.207 | G21: =G13*G8 -> 10439.263 | H21: Inventories + Trade receivables - Trade payables
A22: - Change in WCR | C22: =-(C21-B21) -> -270.15 | D22: =-(D21-C21) -> -278.2545 | E22: =-(E21-D21) -> -286.60213 | F22: =-(F21-E21) -> -295.2002 | G22: =-(G21-F21) -> -304.05621
A23: Free Cash Flow | C23: =C19+C20+C22 -> 858769.98 | D23: =D19+D20+D22 -> 848603.98 | E23: =E19+E20+E22 -> 837055.13 | F23: =F19+F20+F22 -> 824049.61 | G23: =G19+G20+G22 -> 809510.4 | H23: FCF = OCF - Capex -ΔWCR
A24: Discount factor | C24: =1/(1+$B$29)^C12 -> 0.92929904 | D24: =1/(1+$B$29)^D12 -> 0.8635967 | E24: =1/(1+$B$29)^E12 -> 0.80253958 | F24: =1/(1+$B$29)^F12 -> 0.74579926 | G24: =1/(1+$B$29)^G12 -> 0.69307054 | H24: 1/(1+WACC)^t
A25: PV(FCF) | C25: =C23*C24 -> 798054.12 | D25: =D23*D24 -> 732851.6 | E25: =E23*E24 -> 671769.88 | F25: =F23*F24 -> 614575.59 | G25: =G23*G24 -> 561047.81
A28: Valuation | B28: Pirelli | C28: Unit | D28: Relevant Informations / Formulas
A29: WACC | B29: =WACC!B24 -> 0.076079883 | C29: percentage
A30: Terminal growth rate | B30: =Inputs!B14 -> 0.02 | C30: percentage
A31: ROIC 2024 | B31: =Historical!D7*(1-Inputs!B24)/(Historical!D17+Historical!D14-Historical!D15-Historical!D16) -> 0.087843857 | C31: percentage | D31: NOPAT / (Equity + debt - cash - associates)
A32: Reinvestment rate | B32: =B30/B31 -> 0.22767671 | C32: percentage | D32: g / ROIC
A33: Terminal FCF (2030) | B33: =G16*(1-G9)*(1+B30)*(1-B32) -> 637947.34 | C33: k€ | D33: NOPAT 2030 × (1 - reinvestment rate)
A34: Terminal Value (2029) | B34: =B33/(B29-B30) -> 11375690 | C34: k€ | D34: TV = Terminal FCF (WACC-g)
A35: PV(TV) | B35: =B34*G24 -> 7884155.4 | C35: k€ | D35: TV × discount factor 2029
A36: sum of PV(FCF) | B36: =SUM(C25:G25) -> 3378299 | C36: k€
A37: Enterprise Value | B37: =B35+B36 -> 11262454 | C37: k€ | D37: EV = PV(TV) + sum of PV(FCF)
A38: TV % of EV | B38: =B35/B37 -> 0.70003883 | C38: percentage
A39: - Financial Debt | B39: =-Historical!D14 -> -3829455 | C39: k€
A40: + Cash & ST investments | B40: =Historical!D15 -> 1668706 | C40: k€
A41: + Investments in associates | B41: =Historical!D16 -> 120790 | C41: k€
A42: Equity Value | B42: =B37+B39+B40+B41 -> 9222495.3 | C42: k€ | D42: EV - Debt + Cash + Associates
A43: Shares outstanding (m) | B43: =Inputs!B10 -> 1000 | C43: millions
A44: Value per Share (€) | B44: =B42/1000/B43 -> 9.2224953 | C44: € / share | D44: Equity Value / Shares outstanding
A45: Market price 30/12/2024 (€) | B45: =Inputs!B11 -> 5.47 | C45: € / share
A46: Upside / (downside) | B46: =B44/B45-1 -> 0.68601377 | C46: percentage
A49: Sensitivity - Value per Share (€)
A50: WACC / g | B50: 0.015 | C50: 0.02 | D50: 0.025
A51: =$B$29-0.01 -> 0.066079883 | B51: {=(SUMPRODUCT($C$23:$G$23/(1+$A51)^$C$12:$G$12)+$G$16*(1-$G$9)*(1+B$50)*(1-B$50/$B$31)/($A51-B$50)/(1+$A51)^5+$B$39+$B$40+$B$41)/1000/$B$43} -> 11.119157 | C51: {=(SUMPRODUCT($C$23:$G$23/(1+$A51)^$C$12:$G$12)+$G$16*(1-$G$9)*(1+C$50)*(1-C$50/$B$31)/($A51-C$50)/(1+$A51)^5+$B$39+$B$40+$B$41)/1000/$B$43} -> 11.482591 | D51: {=(SUMPRODUCT($C$23:$G$23/(1+$A51)^$C$12:$G$12)+$G$16*(1-$G$9)*(1+D$50)*(1-D$50/$B$31)/($A51-D$50)/(1+$A51)^5+$B$39+$B$40+$B$41)/1000/$B$43} -> 11.926346
A52: =$B$29-0.005 -> 0.071079883 | B52: {=(SUMPRODUCT($C$23:$G$23/(1+$A52)^$C$12:$G$12)+$G$16*(1-$G$9)*(1+B$50)*(1-B$50/$B$31)/($A52-B$50)/(1+$A52)^5+$B$39+$B$40+$B$41)/1000/$B$43} -> 10.005322 | C52: {=(SUMPRODUCT($C$23:$G$23/(1+$A52)^$C$12:$G$12)+$G$16*(1-$G$9)*(1+C$50)*(1-C$50/$B$31)/($A52-C$50)/(1+$A52)^5+$B$39+$B$40+$B$41)/1000/$B$43} -> 10.242985 | D52: {=(SUMPRODUCT($C$23:$G$23/(1+$A52)^$C$12:$G$12)+$G$16*(1-$G$9)*(1+D$50)*(1-D$50/$B$31)/($A52-D$50)/(1+$A52)^5+$B$39+$B$40+$B$41)/1000/$B$43} -> 10.525128
A53: =$B$29 -> 0.076079883 | B53: {=(SUMPRODUCT($C$23:$G$23/(1+$A53)^$C$12:$G$12)+$G$16*(1-$G$9)*(1+B$50)*(1-B$50/$B$31)/($A53-B$50)/(1+$A53)^5+$B$39+$B$40+$B$41)/1000/$B$43} -> 9.0724857 | C53: {=(SUMPRODUCT($C$23:$G$23/(1+$A53)^$C$12:$G$12)+$G$16*(1-$G$9)*(1+C$50)*(1-C$50/$B$31)/($A53-C$50)/(1+$A53)^5+$B$39+$B$40+$B$41)/1000/$B$43} -> 9.2224953 | D53: {=(SUMPRODUCT($C$23:$G$23/(1+$A53)^$C$12:$G$12)+$G$16*(1-$G$9)*(1+D$50)*(1-D$50/$B$31)/($A53-D$50)/(1+$A53)^5+$B$39+$B$40+$B$41)/1000/$B$43} -> 9.3956185
A54: =$B$29+0.005 -> 0.081079883 | B54: {=(SUMPRODUCT($C$23:$G$23/(1+$A54)^$C$12:$G$12)+$G$16*(1-$G$9)*(1+B$50)*(1-B$50/$B$31)/($A54-B$50)/(1+$A54)^5+$B$39+$B$40+$B$41)/1000/$B$43} -> 8.2795989 | C54: {=(SUMPRODUCT($C$23:$G$23/(1+$A54)^$C$12:$G$12)+$G$16*(1-$G$9)*(1+C$50)*(1-C$50/$B$31)/($A54-C$50)/(1+$A54)^5+$B$39+$B$40+$B$41)/1000/$B$43} -> 8.3673653 | D54: {=(SUMPRODUCT($C$23:$G$23/(1+$A54)^$C$12:$G$12)+$G$16*(1-$G$9)*(1+D$50)*(1-D$50/$B$31)/($A54-D$50)/(1+$A54)^5+$B$39+$B$40+$B$41)/1000/$B$43} -> 8.4652158
A55: =$B$29+0.01 -> 0.086079883 | B55: {=(SUMPRODUCT($C$23:$G$23/(1+$A55)^$C$12:$G$12)+$G$16*(1-$G$9)*(1+B$50)*(1-B$50/$B$31)/($A55-B$50)/(1+$A55)^5+$B$39+$B$40+$B$41)/1000/$B$43} -> 7.5971626 | C55: {=(SUMPRODUCT($C$23:$G$23/(1+$A55)^$C$12:$G$12)+$G$16*(1-$G$9)*(1+C$50)*(1-C$50/$B$31)/($A55-C$50)/(1+$A55)^5+$B$39+$B$40+$B$41)/1000/$B$43} -> 7.6401066 | D55: {=(SUMPRODUCT($C$23:$G$23/(1+$A55)^$C$12:$G$12)+$G$16*(1-$G$9)*(1+D$50)*(1-D$50/$B$31)/($A55-D$50)/(1+$A55)^5+$B$39+$B$40+$B$41)/1000/$B$43} -> 7.6850876

Sheet DCF_Hankook
A1: DCF Valuation - Hankook (k€) - 31/12/2024
A3: Assumption | B3: 2024A | C3: 2025E | D3: 2026E | E3: 2027E | F3: 2028E | G3: 2029E | H3: Relevant Informations / Formulas
A4: Revenue growth | B4: =Historical!G21 -> 0.0082214453 | C4: 0.03 | D4: 0.03 | E4: 0.03 | F4: 0.03 | G4: 0.03 | H4: Assumption: same as Pirelli; premium 18" + mix and US plant ramp-up
A5: EBIT Margin | B5: =Historical!G22 -> 0.18723653 | C5: 0.17 | D5: 0.16 | E5: 0.15 | F5: 0.145 | G5: 0.14 | H5: Assumption: 2024 margin (18.7%) exceptional; fades to 2022-24 average (~14%)
A6: D&A % revenue | B6: =Historical!G23 -> 0.054721463 | C6: 0.057 | D6: 0.059 | E6: 0.061 | F6: 0.063 | G6: 0.065 | H6: Assumption: rises with the 2024-26 capex program
A7: Capex % revenue | B7: =Historical!G24 -> 0.11079732 | C7: 0.1 | D7: 0.09 | E7: 0.08 | F7: 0.07 | G7: 0.065 | H7: Assumption: 2024 capex elevated by US Tennessee expansion; normalises to D&A by 2029
A8: WCR % revenue | B8: =Historical!G25 -> 0.31456713 | C8: =$B$8 -> 0.31456713 | D8: =$B$8 -> 0.31456713 | E8: =$B$8 -> 0.31456713 | F8: =$B$8 -> 0.31456713 | G8: =$B$8 -> 0.31456713 | H8: WCR held at 2024 % of revenue
A9: Tax rate | B9: =Inputs!$C$24 -> 0.2813 | C9: =Inputs!$C$24 -> 0.2813 | D9: =Inputs!$C$24 -> 0.2813 | E9: =Inputs!$C$24 -> 0.2813 | F9: =Inputs!$C$24 -> 0.2813 | G9: =Inputs!$C$24 -> 0.2813 | H9: Effective tax rate 2024
A11: Free Cash Flow | B11: 2024A | C11: 2025E | D11: 2026E | E11: 2027E | F11: 2028E | G11: 2029E | H11: Relevant Informations / Formulas
A12: (discount year) | B12: 0 | C12: 1 | D12: 2 | E12: 3 | F12: 4 | G12: 5
A13: Revenues | B13: =Historical!G6 -> 6379252 | C13: =B13*(1+C4) -> 6570629.6 | D13: =C13*(1+D4) -> 6767748.4 | E13: =D13*(1+E4) -> 6970780.9 | F13: =E13*(1+F4) -> 7179904.3 | G13: =F13*(1+G4) -> 7395301.5
A14: EBITDA | B14: =Historical!G7+Historical!G8 -> 1543511 | C14: =C13*(C5+C6) -> 1491532.9 | D14: =D13*(D5+D6) -> 1482136.9 | E14: =E13*(E5+E6) -> 1470834.8 | F14: =F13*(F5+F6) -> 1493420.1 | G14: =G13*(G5+G6) -> 1516036.8 | H14: EBIT margin + D&A %
A15: - D&A | B15: =-Historical!G8 -> -349082 | C15: =-C13*C6 -> -374525.88 | D15: =-D13*D6 -> -399297.16 | E15: =-E13*E6 -> -425217.63 | F15: =-F13*F6 -> -452333.97 | G15: =-G13*G6 -> -480694.59
A16: EBIT | B16: =B14+B15 -> 1194429 | C16: =C14+C15 -> 1117007 | D16: =D14+D15 -> 1082839.8 | E16: =E14+E15 -> 1045617.1 | F16: =F14+F15 -> 1041086.1 | G16: =G14+G15 -> 1035342.2
A17: - Taxes | B17: =-B16*B9 -> -335992.88 | C17: =-C16*C9 -> -314214.08 | D17: =-D16*D9 -> -304602.82 | E17: =-E16*E9 -> -294132.1 | F17: =-F16*F9 -> -292857.53 | G17: =-G16*G9 -> -291241.76 | H17: Tax on EBIT
A18: + D&A | B18: =-B15 -> 349082 | C18: =-C15 -> 374525.88 | D18: =-D15 -> 399297.16 | E18: =-E15 -> 425217.63 | F18: =-F15 -> 452333.97 | G18: =-G15 -> 480694.59 | H18: Non-cash cost added back
A19: OCF | B19: =B16+B17+B18 -> 1207518.1 | C19: =C16+C17+C18 -> 1177318.8 | D19: =D16+D17+D18 -> 1177534.1 | E19: =E16+E17+E18 -> 1176702.7 | F19: =F16+F17+F18 -> 1200562.6 | G19: =G16+G17+G18 -> 1224795 | H19: EBIT - Taxes + D&A (= SFC)
A20: - Capex | B20: =-Historical!G9 -> -706804 | C20: =-C13*C7 -> -657062.96 | D20: =-D13*D7 -> -609097.36 | E20: =-E13*E7 -> -557662.47 | F20: =-F13*F7 -> -502593.3 | G20: =-G13*G7 -> -480694.59
A21: WCR | B21: =Historical!G13 -> 2006703 | C21: =C13*C8 -> 2066904.1 | D21: =D13*D8 -> 2128911.2 | E21: =E13*E8 -> 2192778.5 | F21: =F13*F8 -> 2258561.9 | G21: =G13*G8 -> 2326318.8 | H21: Inventories + Trade receivables - Trade payables
A22: - Change in WCR | C22: =-(C21-B21) -> -60201.09 | D22: =-(D21-C21) -> -62007.123 | E22: =-(E21-D21) -> -63867.336 | F22: =-(F21-E21) -> -65783.356 | G22: =-(G21-F21) -> -67756.857
A23: Free Cash Flow | C23: =C19+C20+C22 -> 460054.79 | D23: =D19+D20+D22 -> 506429.6 | E23: =E19+E20+E22 -> 555172.86 | F23: =F19+F20+F22 -> 632185.91 | G23: =G19+G20+G22 -> 676343.58 | H23: FCF = OCF - Capex -ΔWCR
A24: Discount factor | C24: =1/(1+$B$29)^C12 -> 0.94446237 | D24: =1/(1+$B$29)^D12 -> 0.89200917 | E24: =1/(1+$B$29)^E12 -> 0.84246909 | F24: =1/(1+$B$29)^F12 -> 0.79568035 | G24: =1/(1+$B$29)^G12 -> 0.75149015 | H24: 1/(1+WACC)^t
A25: PV(FCF) | C25: =C23*C24 -> 434504.43 | D25: =D23*D24 -> 451739.85 | E25: =E23*E24 -> 467715.98 | F25: =F23*F24 -> 503017.91 | G25: =G23*G24 -> 508265.54
A28: Valuation | B28: Hankook | C28: Unit | D28: Relevant Informations / Formulas
A29: WACC | B29: =WACC!C24 -> 0.058803434 | C29: percentage
A30: Terminal growth rate | B30: =Inputs!C14 -> 0.02 | C30: percentage
A31: ROIC 2024 | B31: =Historical!G7*(1-Inputs!C24)/(Historical!G17+Historical!G14-Historical!G15-Historical!G16) -> 0.14044544 | C31: percentage | D31: NOPAT / (Equity + debt - cash - associates)
A32: Reinvestment rate | B32: =B30/B31 -> 0.14240405 | C32: percentage | D32: g / ROIC
A33: Terminal FCF (2030) | B33: =G16*(1-G9)*(1+B30)*(1-B32) -> 650900.28 | C33: k€ | D33: NOPAT 2030 × (1 - reinvestment rate)
A34: Terminal Value (2029) | B34: =B33/(B29-B30) -> 16774296 | C34: k€ | D34: TV = Terminal FCF (WACC-g)
A35: PV(TV) | B35: =B34*G24 -> 12605718 | C35: k€ | D35: TV × discount factor 2029
A36: sum of PV(FCF) | B36: =SUM(C25:G25) -> 2365243.7 | C36: k€
A37: Enterprise Value | B37: =B35+B36 -> 14970962 | C37: k€ | D37: EV = PV(TV) + sum of PV(FCF)
A38: TV % of EV | B38: =B35/B37 -> 0.84201124 | C38: percentage
A39: - Financial Debt | B39: =-Historical!G14 -> -1532646 | C39: k€
A40: + Cash & ST investments | B40: =Historical!G15 -> 1773298 | C40: k€
A41: + Investments in associates | B41: =Historical!G16 -> 1234782 | C41: k€
A42: Equity Value | B42: =B37+B39+B40+B41 -> 16446396 | C42: k€ | D42: EV - Debt + Cash + Associates
A43: Shares outstanding (m) | B43: =Inputs!C10 -> 121.98875 | C43: millions
A44: Value per Share (KRW) | B44: =B42*Inputs!C12/1000/B43 -> 198911.88 | C44: ₩ / share | D44: Equity Value / Shares outstanding (N.B.: equity value converted to KRW at the same FX rate used for the financial statements)
A45: Market price 30/12/2024 (KRW) | B45: =Inputs!C11 -> 38400 | C45: ₩ / share
A46: Upside / (downside) | B46: =B44/B45-1 -> 4.1799969 | C46: percentage
A49: Sensitivity - Value per Share (KRW)
A50: WACC / g | B50: 0.015 | C50: 0.02 | D50: 0.025
A51: =$B$29-0.01 -> 0.048803434 | B51: {=(SUMPRODUCT($C$23:$G$23/(1+$A51)^$C$12:$G$12)+$G$16*(1-$G$9)*(1+B$50)*(1-B$50/$B$31)/($A51-B$50)/(1+$A51)^5+$B$39+$B$40+$B$41)*Inputs!$C$12/1000/$B$43} -> 237500.44 | C51: {=(SUMPRODUCT($C$23:$G$23/(1+$A51)^$C$12:$G$12)+$G$16*(1-$G$9)*(1+C$50)*(1-C$50/$B$31)/($A51-C$50)/(1+$A51)^5+$B$39+$B$40+$B$41)*Inputs!$C$12/1000/$B$43} -> 262675.72 | D51: {=(SUMPRODUCT($C$23:$G$23/(1+$A51)^$C$12:$G$12)+$G$16*(1-$G$9)*(1+D$50)*(1-D$50/$B$31)/($A51-D$50)/(1+$A51)^5+$B$39+$B$40+$B$41)*Inputs!$C$12/1000/$B$43} -> 298321.26
A52: =$B$29-0.005 -> 0.053803434 | B52: {=(SUMPRODUCT($C$23:$G$23/(1+$A52)^$C$12:$G$12)+$G$16*(1-$G$9)*(1+B$50)*(1-B$50/$B$31)/($A52-B$50)/(1+$A52)^5+$B$39+$B$40+$B$41)*Inputs!$C$12/1000/$B$43} -> 208668.18 | C52: {=(SUMPRODUCT($C$23:$G$23/(1+$A52)^$C$12:$G$12)+$G$16*(1-$G$9)*(1+C$50)*(1-C$50/$B$31)/($A52-C$50)/(1+$A52)^5+$B$39+$B$40+$B$41)*Inputs!$C$12/1000/$B$43} -> 226075.74 | D52: {=(SUMPRODUCT($C$23:$G$23/(1+$A52)^$C$12:$G$12)+$G$16*(1-$G$9)*(1+D$50)*(1-D$50/$B$31)/($A52-D$50)/(1+$A52)^5+$B$39+$B$40+$B$41)*Inputs!$C$12/1000/$B$43} -> 249441.27
A53: =$B$29 -> 0.058803434 | B53: {=(SUMPRODUCT($C$23:$G$23/(1+$A53)^$C$12:$G$12)+$G$16*(1-$G$9)*(1+B$50)*(1-B$50/$B$31)/($A53-B$50)/(1+$A53)^5+$B$39+$B$40+$B$41)*Inputs!$C$12/1000/$B$43} -> 186426.13 | C53: {=(SUMPRODUCT($C$23:$G$23/(1+$A53)^$C$12:$G$12)+$G$16*(1-$G$9)*(1+C$50)*(1-C$50/$B$31)/($A53-C$50)/(1+$A53)^5+$B$39+$B$40+$B$41)*Inputs!$C$12/1000/$B$43} -> 198911.88 | D53: {=(SUMPRODUCT($C$23:$G$23/(1+$A53)^$C$12:$G$12)+$G$16*(1-$G$9)*(1+D$50)*(1-D$50/$B$31)/($A53-D$50)/(1+$A53)^5+$B$39+$B$40+$B$41)*Inputs!$C$12/1000/$B$43} -> 215020.03
A54: =$B$29+0.005 -> 0.063803434 | B54: {=(SUMPRODUCT($C$23:$G$23/(1+$A54)^$C$12:$G$12)+$G$16*(1-$G$9)*(1+B$50)*(1-B$50/$B$31)/($A54-B$50)/(1+$A54)^5+$B$39+$B$40+$B$41)*Inputs!$C$12/1000/$B$43} -> 168748.59 | C54: {=(SUMPRODUCT($C$23:$G$23/(1+$A54)^$C$12:$G$12)+$G$16*(1-$G$9)*(1+C$50)*(1-C$50/$B$31)/($A54-C$50)/(1+$A54)^5+$B$39+$B$40+$B$41)*Inputs!$C$12/1000/$B$43} -> 177952.81 | D54: {=(SUMPRODUCT($C$23:$G$23/(1+$A54)^$C$12:$G$12)+$G$16*(1-$G$9)*(1+D$50)*(1-D$50/$B$31)/($A54-D$50)/(1+$A54)^5+$B$39+$B$40+$B$41)*Inputs!$C$12/1000/$B$43} -> 189468.44
A55: =$B$29+0.01 -> 0.068803434 | B55: {=(SUMPRODUCT($C$23:$G$23/(1+$A55)^$C$12:$G$12)+$G$16*(1-$G$9)*(1+B$50)*(1-B$50/$B$31)/($A55-B$50)/(1+$A55)^5+$B$39+$B$40+$B$41)*Inputs!$C$12/1000/$B$43} -> 154362.87 | C55: {=(SUMPRODUCT($C$23:$G$23/(1+$A55)^$C$12:$G$12)+$G$16*(1-$G$9)*(1+C$50)*(1-C$50/$B$31)/($A55-C$50)/(1+$A55)^5+$B$39+$B$40+$B$41)*Inputs!$C$12/1000/$B$43} -> 161291.43 | D55: {=(SUMPRODUCT($C$23:$G$23/(1+$A55)^$C$12:$G$12)+$G$16*(1-$G$9)*(1+D$50)*(1-D$50/$B$31)/($A55-D$50)/(1+$A55)^5+$B$39+$B$40+$B$41)*Inputs!$C$12/1000/$B$43} -> 169749.29

Sheet Multiples
A1: Comparative Valuation - Sector Multiples (FY2024)
A2: (Aggregates in k€; Hankook per-share values in ₩)
A4: Sector Multiples - Rubber & Tires (Global) | B4: Pirelli | C4: Hankook | D4: Unit | E4: Source / Notes
A5: EV/EBITDA | B5: 5.726 | C5: =B5 -> 5.726 | D5: x | E5: =HYPERLINK("https://pages.stern.nyu.edu/~adamodar/pc/archives/vebitdaGlobal24.xls", "Damodaran, vebitdaGlobal24.xls (05/01/2025), D86 - positive EBITDA firms") -> Damodaran, vebitdaGlobal24.xls (05/01/2025), D86 - positive EBITDA firms
A6: P/E | B6: 10.9232 | C6: =B6 -> 10.9232 | D6: x | E6: =HYPERLINK("https://pages.stern.nyu.edu/~adamodar/pc/archives/peGlobal24.xls", "Damodaran, peGlobal24.xls (05/01/2025), H85 - money-making firms") -> Damodaran, peGlobal24.xls (05/01/2025), H85 - money-making firms
A7: P/B | B7: 1.0723 | C7: =B7 -> 1.0723 | D7: x | E7: =HYPERLINK("https://pages.stern.nyu.edu/~adamodar/pc/archives/pbvGlobal24.xls", "Damodaran, pbvGlobal24.xls (05/01/2025), C85") -> Damodaran, pbvGlobal24.xls (05/01/2025), C85
A9: Company Data 2024 | B9: Pirelli | C9: Hankook | D9: Unit | E9: Source / Notes
A10: EBITDA | B10: =Historical!D7+Historical!D8 -> 1477940 | C10: =Historical!G7+Historical!G8 -> 1543511 | D10: k€ | E10: EBIT + D&A
A11: Net Income (owners) | B11: 467981 | C11: =1114628550190/Inputs!C12/1000 -> 755475.5 | D11: k€ | E11: =HYPERLINK("https://www.emarketstorage.it/sites/default/files/comunicati/2025-04/20250430_166236.pdf", "Pirelli Annual Report 2024, p. 25") -> Pirelli Annual Report 2024, p. 25 | H11: / | I11: =HYPERLINK("https://www.hankooktire.com/wsvc/api/pdf-viewer/document.servlet?documentPath=/content/dam/hankooktire/global/pdf/audit/2024_HankookTire_Technology_Consolidated_Audit_Report.pdf", "Hankook Audit Report 2024, p. 9") -> Hankook Audit Report 2024, p. 9
A12: Book Equity (owners) | B12: 5756071 | C12: =11100370242882/Inputs!C12/1000 -> 7523634.4 | D12: k€ | E12: =HYPERLINK("https://www.emarketstorage.it/sites/default/files/comunicati/2025-04/20250430_166236.pdf", "Pirelli Annual Report 2024, p. 26") -> Pirelli Annual Report 2024, p. 26 | H12: / | I12: =HYPERLINK("https://www.hankooktire.com/wsvc/api/pdf-viewer/document.servlet?documentPath=/content/dam/hankooktire/global/pdf/audit/2024_HankookTire_Technology_Consolidated_Audit_Report.pdf", "Hankook Audit Report 2024, p. 8") -> Hankook Audit Report 2024, p. 8
A14: Implied Equity Value | B14: Pirelli | C14: Hankook | D14: Unit | E14: Source / Notes
A15: From EV/EBITDA | B15: =B5*B10-Historical!D14+Historical!D15+Historical!D16 -> 6422725.4 | C15: =C5*C10-Historical!G14+Historical!G15+Historical!G16 -> 10313578 | D15: k€ | E15: EV/EBITDA × EBITDA - debt + cash + associates
A16: From P/E | B16: =B6*B11 -> 5111850.1 | C16: =C6*C11 -> 8252210 | D16: k€ | E16: P/E × net income
A17: From P/B | B17: =B7*B12 -> 6172234.9 | C17: =C7*C12 -> 8067593.2 | D17: k€ | E17: P/B × book equity
A19: Value per Share | B19: Pirelli | C19: Hankook | D19: Unit | E19: Source / Notes
A20: EV/EBITDA | B20: =B15/1000/Inputs!B10 -> 6.4227254 | C20: =C15*Inputs!C12/1000/Inputs!C10 -> 124738.16 | D20: € - ₩ / share
A21: P/E | B21: =B16/1000/Inputs!B10 -> 5.1118501 | C21: =C16*Inputs!C12/1000/Inputs!C10 -> 99806.829 | D21: € - ₩ / share
A22: P/B | B22: =B17/1000/Inputs!B10 -> 6.1722349 | C22: =C17*Inputs!C12/1000/Inputs!C10 -> 97573.971 | D22: € - ₩ / share
A23: Comparative (average) | B23: =AVERAGE(B20:B22) -> 5.9022701 | C23: =AVERAGE(C20:C22) -> 107372.99 | D23: € - ₩ / share | E23: Simple average of the three multiples
A24: Patrimonial (Book Value) | B24: =B12/1000/Inputs!B10 -> 5.756071 | C24: =C12*Inputs!C12/1000/Inputs!C10 -> 90995.03 | D24: € - ₩ / share | E24: Book equity / shares
A25: DCF | B25: =DCF_Pirelli!B44 -> 9.2224953 | C25: =DCF_Hankook!B44 -> 198911.88 | D25: € - ₩ / share
A26: Market Price | B26: =Inputs!B11 -> 5.47 | C26: =Inputs!C11 -> 38400 | D26: € - ₩ / share
A28: Implied Multiples: Market vs DCF | B28: Pirelli | C28: Hankook | D28: Unit | E28: Source/Notes
A29: EV/EBITDA - Market | B29: =(Inputs!B18+Historical!D14-Historical!D15)/Multiples!B10 -> 5.163098 | C29: =(Inputs!C18+Historical!G14-Historical!G15)/C10 -> 1.9010747 | D29: x | E29: (Market cap + debt - cash) / EBITDA
A30: EV/EBITDA - DCF | B30: =(DCF_Pirelli!B37+Historical!D16)/B10 -> 7.7021018 | C30: =(DCF_Hankook!B37+Historical!G16)/C10 -> 10.499273 | D30: x | E30: (DCF EV + associates) / EBITDA
A31: P/E - Market | B31: =Inputs!B18/B11 -> 11.688509 | C31: =Inputs!C18/C11 -> 4.2026271 | D31: x
A32: P/B - Market | B32: =Inputs!B18/B12 -> 0.950301 | C32: =Inputs!C18/C12 -> 0.42200107 | D32: x

Sheet NAV
A1: NAV Valuation
A2: (Adjusted Net Asset Value = adjusted assets - adjusted liabilities; attributable to owners after non-controlling interests)
A4: Balance Sheet Data 2024 | B4: Pirelli | C4: Hankook | D4: Unit | E4: Source / Notes
A5: Total assets | B5: 13680622 | C5: 10742676 | D5: k€ | E5: =HYPERLINK("https://corp-assets.pirelli.com/corporate/AR_PIRELLI2024_CONSOLIDATED_FINANCIAL_STATEMENTS.pdf", "Pirelli: Consolidated FS 2024, Statement of financial position") -> Pirelli: Consolidated FS 2024, Statement of financial position | J5: / | K5: =HYPERLINK("https://www.hankooktire.com/wsvc/api/pdf-viewer/document.servlet?documentPath=/content/dam/hankooktire/global/pdf/audit/2024_HankookTire_Technology_Consolidated_Audit_Report.pdf", "Hankook: Consolidated Audit Report 2024, pp. 7-8, converted at ₩1,475.40/€") -> Hankook: Consolidated Audit Report 2024, pp. 7-8, converted at ₩1,475.40/€
A6: Total liabilities | B6: 7768368 | C6: 3155003 | D6: k€ | E6: =HYPERLINK("https://corp-assets.pirelli.com/corporate/AR_PIRELLI2024_CONSOLIDATED_FINANCIAL_STATEMENTS.pdf", "Pirelli: Consolidated FS 2024, Statement of financial position") -> Pirelli: Consolidated FS 2024, Statement of financial position | J6: / | K6: =HYPERLINK("https://www.hankooktire.com/wsvc/api/pdf-viewer/document.servlet?documentPath=/content/dam/hankooktire/global/pdf/audit/2024_HankookTire_Technology_Consolidated_Audit_Report.pdf", "Hankook: Consolidated Audit Report 2024, pp. 7-8, converted at ₩1,475.40/€") -> Hankook: Consolidated Audit Report 2024, pp. 7-8, converted at ₩1,475.40/€
A7: Non-controlling interests | B7: 156183 | C7: 64039 | D7: k€ | E7: =HYPERLINK("https://corp-assets.pirelli.com/corporate/AR_PIRELLI2024_CONSOLIDATED_FINANCIAL_STATEMENTS.pdf", "Pirelli: Consolidated FS 2024, Statement of financial position") -> Pirelli: Consolidated FS 2024, Statement of financial position | J7: / | K7: =HYPERLINK("https://www.hankooktire.com/wsvc/api/pdf-viewer/document.servlet?documentPath=/content/dam/hankooktire/global/pdf/audit/2024_HankookTire_Technology_Consolidated_Audit_Report.pdf", "Hankook: Consolidated Audit Report 2024, pp. 7-8, converted at ₩1,475.40/€") -> Hankook: Consolidated Audit Report 2024, pp. 7-8, converted at ₩1,475.40/€
A8: Book Equity attributable to owners | B8: =B5-B6-B7 -> 5756071 | C8: =C5-C6-C7 -> 7523634 | D8: k€ | E8: Assets - liabilities - non-controlling interests
A9: Check vs Multiples | B9: =B8-Multiples!B12 -> 0 | C9: =C8-Multiples!C12 -> -0.43329402 | D9: k€ | E9: Check: must be = 0
A11: Adjustments (due diligence) | B11: Pirelli | C11: Hankook | D11: Unit | E11: Source / Notes
A12: Hanon Systems shares held (m) | B12: 0 | C12: =(104031000+144963000)/1000000 -> 248.994 | D12: millions | E12: =HYPERLINK("https://money2.daishin.com/PDF/Out/intranet_data/Product/ResearchCenter/Report/2024/10/51252_2024.10.02_HankookHanon_deal.pdf","Daishin Securities (02/10/2024): 104.0m held + 145.0m new shares subscribed 22/12/2024") -> Daishin Securities (02/10/2024): 104.0m held + 145.0m new shares subscribed 22/12/2024
A13: Hanon share price, year-end proxy (₩) | B13: 0 | C13: 3890 | D13: ₩ / share | E13: =HYPERLINK("https://core.asiae.co.kr/article/2025010908385262005","Asia Economy (09/01/2025): close ₩3,890 on 08/01/2025, proxy for 30/12/2024") -> Asia Economy (09/01/2025): close ₩3,890 on 08/01/2025, proxy for 30/12/2024
A14: Market value of quoted stake | B14: 0 | C14: =C12*C13*1000/Inputs!C12 -> 656490.89 | D14: k€ | E14: Shares held × share price, converted at ₩1,475.40/€
A15: Carrying amount of the stake | B15: 0 | C15: =1719988000000/Inputs!C12/1000 -> 1165777.4 | D15: k€ | E15: =HYPERLINK("https://www.hankooktire.com/wsvc/api/pdf-viewer/document.servlet?documentPath=/content/dam/hankooktire/global/pdf/audit/2024_HankookTire_Technology_Consolidated_Audit_Report.pdf","Hankook Audit Report 2024, note 17: ₩1,719,988m (36.68%, after ₩256bn impairment)") -> Hankook Audit Report 2024, note 17: ₩1,719,988m (36.68%, after ₩256bn impairment)
A16: Adjustment to assets: quoted securities at market | B16: =B14-B15 -> 0 | C16: =C14-C15 -> -509286.53 | D16: k€ | E16: Quoted securities at market value, as in the course exercise (Pacific Industrial)
A17: Adjustment to liabilities | B17: 0 | C17: 0 | D17: k€ | E17: No hidden liability identified: pensions, provisions and deferred taxes already recognised under IFRS
A19: Adjusted NAV | B19: Pirelli | C19: Hankook | D19: Unit | E19: Source / Notes
A20: Adjusted assets | B20: =B5+B16 -> 13680622 | C20: =C5+C16 -> 10233389 | D20: k€ | E20: Total assets + Asset adjustments
A21: Adjusted liabilities | B21: =B6+B17 -> 7768368 | C21: =C6+C17 -> 3155003 | D21: k€ | E21: Total liabilities + Liability adjustments
A22: Adjusted NAV (100%) | B22: =B20-B21 -> 5912254 | C22: =C20-C21 -> 7078386.5 | D22: k€ | E22: Adjusted assets - Adjusted liabilities
A23: - Non-controlling interests | B23: =-B7 -> -156183 | C23: =-C7 -> -64039 | D23: k€ | E23: Minority shareholders' portion of equity
A24: Adjusted NAV attributable to owners | B24: =B22+B23 -> 5756071 | C24: =C22+C23 -> 7014347.5 | D24: k€ | E24: Adjusted NAV - non-controlling interests
A26: NAV per Share | B26: Pirelli | C26: Hankook | D26: Unit | E26: Source / Notes
A27: Shares outstanding | B27: =Inputs!B10 -> 1000 | C27: =Inputs!C10 -> 121.98875 | D27: millions | E27: =HYPERLINK("https://corporate.pirelli.com/corporate/en-ww/investors/shareholder-information/share-capital-eng", "Pirelli: pirelli.com, Share Capital") -> Pirelli: pirelli.com, Share Capital | I27: / | J27: =HYPERLINK("https://www.hankooktire.com/global/ko/investors/shares-shareholders/distribution-shares.html", "Hankook: hankooktire.com, distribution of shares") -> Hankook: hankooktire.com, distribution of shares
A28: Book NAV per Share | B28: =B8/1000/B27 -> 5.756071 | C28: =C8*Inputs!C12/1000/C27 -> 90995.025 | D28: € - ₩ / share
A29: Adjusted NAV per Share | B29: =B24/1000/B27 -> 5.756071 | C29: =C24*Inputs!C12/1000/C27 -> 84835.43 | D29: € - ₩ / share
A30: Market price (30/12/2024) | B30: =Inputs!B11 -> 5.47 | C30: =Inputs!C11 -> 38400 | D30: € - ₩ / share | E30: =HYPERLINK("https://finance.yahoo.com/quote/PIRC.MI/history/","Yahoo Finance historical prices: PIRC.MI (30/12/2024)") -> Yahoo Finance historical prices: PIRC.MI (30/12/2024) | I30: / | J30: =HYPERLINK("https://finance.yahoo.com/quote/161390.KS/history/","Yahoo Finance historical prices: 161390.KS (30/12/2024)") -> Yahoo Finance historical prices: 161390.KS (30/12/2024)
A31: Price / Adjusted NAV | B31: =B30/B29 -> 0.950301 | C31: =C30/C29 -> 0.45264107 | D31: x
A32: Adjusted NAV vs book NAV | B32: =B29/B28-1 -> 0 | C32: =C29/C28-1 -> -0.06769156 | D32: percentage

Sheet SUMMARY 2 - Valuation
A1: Summary - Cost of Capital and Valuation (31/12/2024)
A2: (Aggregates in k€; Hankook per-share values in ₩)
A4: Market Inputs | B4: Pirelli | C4: Hankook | D4: Unit | E4: Notes
A5: Risk-free rate | B5: =Inputs!B4 -> 0.0236 | C5: =Inputs!C4 -> 0.0236 | D5: percentage
A6: Market risk premium (mature + country) | B6: =Inputs!B21 -> 0.072632 | C6: =Inputs!C21 -> 0.049888 | D6: percentage
A7: Market value of equity | B7: =Inputs!B18 -> 5470000 | C7: =Inputs!C18 -> 3174981.8 | D7: k€
A8: Financial debt | B8: =Historical!D14 -> 3829455 | C8: =Historical!G14 -> 1532646 | D8: k€
A9: Cash & ST investments | B9: =Historical!D15 -> 1668706 | C9: =Historical!G15 -> 1773298 | D9: k€
A11: Cost of Capital | B11: Pirelli | C11: Hankook | D11: Unit | E11: Notes
A12: Equity Beta | B12: =WACC!B11 -> 1.1754951 | C12: =WACC!C11 -> 1.0270704 | D12: number
A13: Cost of Equity (Re) | B13: =WACC!B14 -> 0.10897856 | C13: =WACC!C14 -> 0.074838486 | D13: percentage
A14: Cost of Debt after tax | B14: =WACC!B19 -> 0.02908736 | C14: =WACC!C19 -> 0.02558572 | D14: percentage
A15: Weight of Equity | B15: =WACC!B22 -> 0.58820651 | C15: =WACC!C22 -> 0.67443348 | D15: percentage
A16: Weight of Debt | B16: =WACC!B23 -> 0.41179349 | C16: =WACC!C23 -> 0.32556652 | D16: percentage
A17: WACC | B17: =WACC!B24 -> 0.076079883 | C17: =WACC!C24 -> 0.058803434 | D17: percentage | E17: Base case: relevering with taxes
A18: WACC - check without taxes | B18: =WACC!B38 -> 0.076847812 | C18: =WACC!C38 -> 0.059268196 | D18: percentage | E18: Relevering without taxes, as in the course material
A19: WACC disclosed by Pirelli (2024) | B19: =WACC!B26 -> 0.0814 | D19: percentage | E19: Goodwill impairment test, post-tax
A21: DCF Valuation | B21: Pirelli | C21: Hankook | D21: Unit | E21: Notes
A22: Revenues 2024 | B22: =Historical!D6 -> 6773324 | C22: =Historical!G6 -> 6379252 | D22: k€
A23: EBIT Margin 2024 | B23: =Historical!D22 -> 0.13331564 | C23: =Historical!G22 -> 0.18723653 | D23: percentage
A24: ROIC 2024 | B24: =DCF_Pirelli!B31 -> 0.087843857 | C24: =DCF_Hankook!B31 -> 0.14044544 | D24: percentage | E24: Drives the reinvestment in the terminal value
A25: Enterprise Value | B25: =DCF_Pirelli!B37 -> 11262454 | C25: =DCF_Hankook!B37 -> 14970962 | D25: k€
A26: Terminal Value % of EV | B26: =DCF_Pirelli!B38 -> 0.70003883 | C26: =DCF_Hankook!B38 -> 0.84201124 | D26: percentage
A27: Equity Value | B27: =DCF_Pirelli!B42 -> 9222495.3 | C27: =DCF_Hankook!B42 -> 16446396 | D27: k€
A28: Value per Share | B28: =DCF_Pirelli!B44 -> 9.2224953 | C28: =DCF_Hankook!B44 -> 198911.88 | D28: € - ₩ / share
A29: Market Price (30/12/2024) | B29: =DCF_Pirelli!B45 -> 5.47 | C29: =DCF_Hankook!B45 -> 38400 | D29: € - ₩ / share
A30: Upside / (downside) | B30: =DCF_Pirelli!B46 -> 0.68601377 | C30: =DCF_Hankook!B46 -> 4.1799969 | D30: percentage
A31: Sensitivity - minimum value per share | B31: =MIN(DCF_Pirelli!B51:D55) -> 7.5971626 | C31: =MIN(DCF_Hankook!B51:D55) -> 154362.87 | D31: € - ₩ / share | E31: WACC ±1 pp, g 1.5-2.5%
A32: Sensitivity - maximum value per share | B32: =MAX(DCF_Pirelli!B51:D55) -> 11.926346 | C32: =MAX(DCF_Hankook!B51:D55) -> 298321.26 | D32: € - ₩ / share | E32: WACC ±1 pp, g 1.5-2.5%
A34: Value per Share by Method | B34: Pirelli | C34: Hankook | D34: Unit | E34: Notes
A35: Comparative - EV/EBITDA | B35: =Multiples!B20 -> 6.4227254 | C35: =Multiples!C20 -> 124738.16 | D35: € - ₩ / share
A36: Comparative - P/E | B36: =Multiples!B21 -> 5.1118501 | C36: =Multiples!C21 -> 99806.829 | D36: € - ₩ / share
A37: Comparative - P/B | B37: =Multiples!B22 -> 6.1722349 | C37: =Multiples!C22 -> 97573.971 | D37: € - ₩ / share
A38: Comparative (average) | B38: =Multiples!B23 -> 5.9022701 | C38: =Multiples!C23 -> 107372.99 | D38: € - ₩ / share
A39: Patrimonial (Book Value) | B39: =Multiples!B24 -> 5.756071 | C39: =Multiples!C24 -> 90995.03 | D39: € - ₩ / share
A40: DCF | B40: =Multiples!B25 -> 9.2224953 | C40: =Multiples!C25 -> 198911.88 | D40: € - ₩ / share
A41: Market Price | B41: =Multiples!B26 -> 5.47 | C41: =Multiples!C26 -> 38400 | D41: € - ₩ / share
A43: Multiples: Sector vs Market vs DCF | B43: Pirelli | C43: Hankook | D43: Unit | E43: Notes
A44: EV/EBITDA - sector | B44: =Multiples!B5 -> 5.726 | C44: =Multiples!C5 -> 5.726 | D44: x | E44: Damodaran Rubber & Tires (Global)
A45: EV/EBITDA - market | B45: =Multiples!B29 -> 5.163098 | C45: =Multiples!C29 -> 1.9010747 | D45: x
A46: EV/EBITDA - DCF | B46: =Multiples!B30 -> 7.7021018 | C46: =Multiples!C30 -> 10.499273 | D46: x
A47: P/E - Sector | B47: =Multiples!B6 -> 10.9232 | C47: =Multiples!C6 -> 10.9232 | D47: x
A48: P/E - Market | B48: =Multiples!B31 -> 11.688509 | C48: =Multiples!C31 -> 4.2026271 | D48: x
A49: P/B - Sector | B49: =Multiples!B7 -> 1.0723 | C49: =Multiples!C7 -> 1.0723 | D49: x
A50: P/B - Market | B50: =Multiples!B32 -> 0.950301 | C50: =Multiples!C32 -> 0.42200107 | D50: x
A52: NAV Valuation | B52: Pirelli | C52: Hankook | D52: Unit | E52: Notes
A53: Book Equity attributable to owners | B53: =NAV!B8 -> 5756071 | C53: =NAV!C8 -> 7523634 | D53: k€
A54: Adjustment: quoted securities at market | B54: =NAV!B16 -> 0 | C54: =NAV!C16 -> -509286.53 | D54: k€
A55: Adjusted NAV attributable to owners | B55: =NAV!B24 -> 5756071 | C55: =NAV!C24 -> 7014347.5 | D55: k€
A56: Adjusted NAV per Share | B56: =NAV!B29 -> 5.756071 | C56: =NAV!C29 -> 84835.43 | D56: € - ₩ / share
A57: Price / Adjusted NAV | B57: =NAV!B31 -> 0.950301 | C57: =NAV!C31 -> 0.45264107 | D57: x

Sheet Proj_Inputs
A1: Investment Projects - Inputs (USD m)
A2: (Ex-ante evaluation: each project is valued at its own decision date. Shaded cells = assumptions)
A4: Project Facts | B4: Pirelli | C4: Hankook | D4: Unit | E4: Source / Notes | F4: Source @ Pirelli | G4: Source @ Hankook
A5: Project | B5: Rome (Georgia) plant expansion | C5: Clarksville (Tennessee) plant expansion | D5: text | E5: Company press releases (see links in column F) | F5: =HYPERLINK("https://www.itiger.com/news/2669912181", "Pirelli press release, Sep 2026") -> Pirelli press release, Sep 2026 | G5: =HYPERLINK("https://www.hankooktire.com/global/en/company/media-list/media-detail.627000.html", "Hankook press release, Aug 2022") -> Hankook press release, Aug 2022
A6: Expansion capex | B6: 1200 | C6: 1600 | D6: USD m | E6: Pirelli: USD 1.2bn (about EUR 1bn), Sep 2026; Hankook: USD 1.6bn, Aug 2022 | F6: =HYPERLINK("https://www.itiger.com/news/2669912181", "Pirelli press release, Sep 2026") -> Pirelli press release, Sep 2026 | G6: =HYPERLINK("https://www.hankooktire.com/global/en/company/media-list/media-detail.627000.html", "Hankook press release, Aug 2022") -> Hankook press release, Aug 2022
A7: First investment year | B7: 2027 | C7: 2023 | D7: year | E7: Pirelli: works 2027-2033; Hankook: groundbreaking early 2023 | F7: =HYPERLINK("https://www.itiger.com/news/2669912181", "Pirelli press release, Sep 2026") -> Pirelli press release, Sep 2026 | G7: =HYPERLINK("https://www.hankooktire.com/global/en/company/media-list/media-detail.627000.html", "Hankook press release, Aug 2022") -> Hankook press release, Aug 2022
A8: Capacity before expansion | B8: 0.45 | C8: 5.5 | D8: m tyres / year | E8: Pirelli: about 450.000 tyres/year (City of Rome figures); Hankook: plant capacity since 2017 | F8: =HYPERLINK("https://constructionreviewonline.com/1-2b-pirelli-rome-tire-plant-expansion-approved-in-georgia/", "City of Rome figures (Construction Review Online)") -> City of Rome figures (Construction Review Online) | G8: =HYPERLINK("https://www.hankooktire.com/global/en/company/media-list/media-detail.627000.html", "Hankook press release, Aug 2022") -> Hankook press release, Aug 2022
A9: Capacity after expansion | B9: 6 | C9: 12 | D9: m tyres / year | E9: Hankook: 11m PCLT + 1m TBR | F9: =HYPERLINK("https://www.itiger.com/news/2669912181", "Pirelli press release, Sep 2026") -> Pirelli press release, Sep 2026 | G9: =HYPERLINK("https://www.hankooktire.com/global/en/company/media-list/media-detail.627000.html", "Hankook press release, Aug 2022") -> Hankook press release, Aug 2022
A10: Added capacity - PCLT | B10: =B9-B8-B11 -> 5.55 | C10: =C9-C8-C11 -> 5.5 | D10: m tyres / year | E10: Passenger car & light truck
A11: Added capacity - TBR | B11: 0 | C11: 1 | D11: m tyres / year | E11: Truck & bus; Pirelli makes no truck tyres | G11: =HYPERLINK("https://www.hankooktire.com/global/en/company/media-list/media-detail.627000.html", "Hankook press release, Aug 2022") -> Hankook press release, Aug 2022
A12: Full capacity reached | B12: 2034 | C12: 2026 | D12: year | E12: Pirelli: works completed during 2033, first full year at capacity 2034. Hankook: production from Q4 2024, full capacity early 2026 | F12: =HYPERLINK("https://www.itiger.com/news/2669912181", "Pirelli press release, Sep 2026") -> Pirelli press release, Sep 2026 | G12: =HYPERLINK("https://www.hankooktire.com/global/en/company/media-list/media-detail.627000.html", "Hankook press release, Aug 2022") -> Hankook press release, Aug 2022
A13: Capex per tyre of added capacity | B13: =B6/(B10+B11) -> 216.21622 | C13: =C6/(C10+C11) -> 246.15385 | D13: USD / tyre | E13: Expansion capex / added capacity
A15: Operating Assumptions (base case) | B15: Pirelli | C15: Hankook | D15: Unit | E15: Source / Notes | F15: Source @ Pirelli | G15: Source @ Hankook
A16: Net price per PCLT tyre | B16: 165 | C16: 95 | D16: USD / tyre | E16: Assumption: see price cross-check below
A17: Net price per TBR tyre | B17: 0 | C17: 300 | D17: USD / tyre | E17: Assumption: US truck & bus radial
A18: Price base year | B18: 2026 | C18: 2025 | D18: year | E18: Year in which the prices above are expressed
A19: Price / mix growth | B19: =Inputs!B14 -> 0.02 | C19: =Inputs!C14 -> 0.02 | D19: percentage | E19: Same long-term growth g as the DCF
A20: Steady-state utilisation | B20: 0.9 | C20: 0.9 | D20: percentage | E20: Assumption: in line with Pirelli plant saturation of 86% in 2024 (95% in High Value) | F20: =HYPERLINK("https://corp-assets.pirelli.com/corporate/Annual_Report_Pirelli_2024_ENG.pdf", "Pirelli Annual Report 2024, p. 16") -> Pirelli Annual Report 2024, p. 16
A21: EBITDA margin | B21: =AVERAGE((Historical!B7+Historical!B8)/Historical!B6,(Historical!C7+Historical!C8)/Historical!C6,(Historical!D7+Historical!D8)/Historical!D6) -> 0.21117867 | C21: =AVERAGE((Historical!E7+Historical!E8)/Historical!E6,(Historical!F7+Historical!F8)/Historical!F6,(Historical!G7+Historical!G8)/Historical!G6) -> 0.19833534 | D21: percentage | E21: Average 2022-24 (EBIT + D&A) / revenues: through-the-cycle margin
A22: Maintenance capex | B22: 0.02 | C22: 0.02 | D22: % of revenue | E22: Assumption: upkeep of a new plant, below the group ratio of about 6%
A23: Depreciation period | B23: 15 | C23: 15 | D23: years | E23: Straight line, blended life of buildings and machinery
A24: Tax rate | B24: =Inputs!B24 -> 0.2264 | C24: =Inputs!C24 -> 0.2813 | D24: percentage | E24: Effective tax rate 2024, as in the DCF
A25: WCR % revenue | B25: =Historical!D25 -> 0.0013294802 | C25: =Historical!G25 -> 0.31456713 | D25: percentage | E25: WCR held at 2024 % of revenue, as in the DCF
A26: Discount rate (WACC) | B26: =WACC!B24 -> 0.076079883 | C26: =WACC!C24 -> 0.058803434 | D26: percentage | E26: Company WACC: the project has the same risk and financing as the company
A27: Evaluation horizon | B27: 25 | C27: 25 | D27: years | E27: Last year: residual value (net book value) + WCR recovery
A28: FX (USD per EUR) | B28: 1.0824 | C28: =B28 -> 1.0824 | D28: USD / EUR | E28: ECB reference rate, 2024 annual average | F28: =HYPERLINK("https://www.bundesbank.de/resource/blob/810486/a6f85aac3ac47b07ea32eae66e4bfa82/mL/ii-euro-referenzkurse-der-ezb-data.pdf", "ECB reference rates, 2024 average (Bundesbank)") -> ECB reference rates, 2024 average (Bundesbank)
A30: Price Cross-check (info only) | B30: Value | D30: Unit | E30: Source / Notes | F30: Source @ Pirelli | G30: Source @ Hankook
A31: Goodyear Americas net sales 2024 | B31: 11033 | D31: USD m | E31: Goodyear FY2024 results (link in column F) | F31: =HYPERLINK("https://www.sec.gov/Archives/edgar/data/42582/000119312525026120/d897621dex991.htm", "Goodyear FY2024 results") -> Goodyear FY2024 results
A32: Goodyear Americas tyre units 2024 | B32: 81.6 | D32: m tyres | E32: Goodyear FY2024 results | F32: =HYPERLINK("https://www.sec.gov/Archives/edgar/data/42582/000119312525026120/d897621dex991.htm", "Goodyear FY2024 results") -> Goodyear FY2024 results
A33: US peer revenue per tyre | B33: =B31/B32 -> 135.20833 | D33: USD / tyre | E33: Includes some non-tyre revenue
A34: Pirelli price vs US peer | B34: =B16/B33-1 -> 0.22033898 | D34: percentage | E34: Premium High Value mix (large rims, Cyber Tyre)
A35: Hankook price vs US peer | B35: =C16/B33-1 -> -0.29738059 | D35: percentage | E35: Tier-2 brand positioning
A37: Scenarios (same shocks for both projects) | B37: Downside | C37: Base | D37: Upside | E37: Notes
A38: Price / mix vs base | B38: -0.1 | C38: 0 | D38: 0.05 | E38: Downside: tariff roll-back and import competition; upside: tariffs stay
A39: Utilisation vs base | B39: -0.1 | C39: 0 | D39: 0.05 | E39: Percentage points added to the steady-state utilisation
A40: EBITDA margin vs base | B40: -0.03 | C40: 0 | D40: 0.03 | E40: Percentage points added to the EBITDA margin
A41: Capex overrun | B41: 0.15 | C41: 0 | D41: 0 | E41: Construction cost inflation in the downside
A43: Simulation Ranges (uniform distribution) | B43: Minimum | C43: Maximum | D43: Unit | E43: Notes
A44: Price / mix vs base | B44: -0.1 | C44: 0.1 | D44: percentage | E44: Market-wide: same draw for both projects
A45: EBITDA margin vs base | B45: -0.04 | C45: 0.04 | D45: pp | E45: Market-wide: same draw for both projects
A46: Utilisation vs base | B46: -0.15 | C46: 0.05 | D46: pp | E46: Project-specific: independent draws
A47: Capex overrun | B47: -0.05 | C47: 0.2 | D47: percentage | E47: Project-specific: independent draws

Sheet NPV_Pirelli
A1: Investment Project NPV - Pirelli: Rome (Georgia) plant expansion
A2: (USD m; flows at year-end; NPV at the decision date, i.e. the start of the first investment year)
A4: Timeline | B4: =Proj_Inputs!$B$7 -> 2027 | C4: =B4+1 -> 2028 | D4: =C4+1 -> 2029 | E4: =D4+1 -> 2030 | F4: =E4+1 -> 2031 | G4: =F4+1 -> 2032 | H4: =G4+1 -> 2033 | I4: =H4+1 -> 2034 | J4: =I4+1 -> 2035 | ... Z4: =Y4+1 -> 2051 | AA4: Relevant Informations / Formulas
A5: (discount year) | B5: 1 | C5: 2 | D5: 3 | E5: 4 | F5: 5 | G5: 6 | H5: 7 | I5: 8 | J5: 9 | K5: 10 | L5: 11 | M5: 12 | N5: 13 | O5: 14 | P5: 15 | Q5: 16 | R5: 17 | S5: 18 | T5: 19 | U5: 20 | V5: 21 | W5: 22 | X5: 23 | Y5: 24 | Z5: 25
A6: Expansion capex phasing | B6: 0.1 | C6: 0.15 | D6: 0.15 | E6: 0.2 | F6: 0.2 | G6: 0.15 | H6: 0.05 | I6: 0 | J6: 0 | K6: 0 | L6: 0 | M6: 0 | N6: 0 | O6: 0 | P6: 0 | Q6: 0 | R6: 0 | S6: 0 | T6: 0 | U6: 0 | V6: 0 | W6: 0 | X6: 0 | Y6: 0 | Z6: 0 | AA6: Assumption: phasing not disclosed; robotised phase from 2027, conventional plant to 2033
A7: Added capacity available - PCLT (m tyres) | B7: 0 | C7: 0.3 | D7: 0.9 | E7: 1.75 | F7: 2.8 | G7: 4 | H7: 5 | I7: 5.55 | J7: 5.55 | K7: 5.55 | L7: 5.55 | M7: 5.55 | N7: 5.55 | O7: 5.55 | P7: 5.55 | Q7: 5.55 | R7: 5.55 | S7: 5.55 | T7: 5.55 | U7: 5.55 | V7: 5.55 | W7: 5.55 | X7: 5.55 | Y7: 5.55 | Z7: 5.55 | AA7: Robotised line to +2.55m from 2028, conventional plant adding 3m by 2033 (press release)
A8: Added capacity available - TBR (m tyres) | B8: 0 | C8: 0 | D8: 0 | E8: 0 | F8: 0 | G8: 0 | H8: 0 | I8: 0 | J8: 0 | K8: 0 | L8: 0 | M8: 0 | N8: 0 | O8: 0 | P8: 0 | Q8: 0 | R8: 0 | S8: 0 | T8: 0 | U8: 0 | V8: 0 | W8: 0 | X8: 0 | Y8: 0 | Z8: 0 | AA8: Pirelli makes no truck tyres
A9: Price index | B9: =(1+Proj_Inputs!$B$19)^(B$4-Proj_Inputs!$B$18) -> 1.02 | C9: =(1+Proj_Inputs!$B$19)^(C$4-Proj_Inputs!$B$18) -> 1.0404 | D9: =(1+Proj_Inputs!$B$19)^(D$4-Proj_Inputs!$B$18) -> 1.061208 | E9: =(1+Proj_Inputs!$B$19)^(E$4-Proj_Inputs!$B$18) -> 1.0824322 | F9: =(1+Proj_Inputs!$B$19)^(F$4-Proj_Inputs!$B$18) -> 1.1040808 | G9: =(1+Proj_Inputs!$B$19)^(G$4-Proj_Inputs!$B$18) -> 1.1261624 | H9: =(1+Proj_Inputs!$B$19)^(H$4-Proj_Inputs!$B$18) -> 1.1486857 | I9: =(1+Proj_Inputs!$B$19)^(I$4-Proj_Inputs!$B$18) -> 1.1716594 | ... Z9: =(1+Proj_Inputs!$B$19)^(Z$4-Proj_Inputs!$B$18) -> 1.640606 | AA9: (1 + price growth)^(year - price base year)
A11: Free Cash Flow (base case) | B11: =B4 -> 2027 | C11: =C4 -> 2028 | D11: =D4 -> 2029 | E11: =E4 -> 2030 | F11: =F4 -> 2031 | G11: =G4 -> 2032 | H11: =H4 -> 2033 | I11: =I4 -> 2034 | ... Z11: =Z4 -> 2051 | AA11: Relevant Informations / Formulas
A12: Sales volume - PCLT (m tyres) | B12: =B7*Proj_Inputs!$B$20 -> 0 | C12: =C7*Proj_Inputs!$B$20 -> 0.27 | D12: =D7*Proj_Inputs!$B$20 -> 0.81 | E12: =E7*Proj_Inputs!$B$20 -> 1.575 | F12: =F7*Proj_Inputs!$B$20 -> 2.52 | G12: =G7*Proj_Inputs!$B$20 -> 3.6 | H12: =H7*Proj_Inputs!$B$20 -> 4.5 | I12: =I7*Proj_Inputs!$B$20 -> 4.995 | ... Z12: =Z7*Proj_Inputs!$B$20 -> 4.995 | AA12: Capacity available x utilisation
A13: Sales volume - TBR (m tyres) | B13: =B8*Proj_Inputs!$B$20 -> 0 | C13: =C8*Proj_Inputs!$B$20 -> 0 | D13: =D8*Proj_Inputs!$B$20 -> 0 | E13: =E8*Proj_Inputs!$B$20 -> 0 | F13: =F8*Proj_Inputs!$B$20 -> 0 | G13: =G8*Proj_Inputs!$B$20 -> 0 | H13: =H8*Proj_Inputs!$B$20 -> 0 | I13: =I8*Proj_Inputs!$B$20 -> 0 | ... Z13: =Z8*Proj_Inputs!$B$20 -> 0 | AA13: Capacity available x utilisation
A14: Revenues | B14: =(B12*Proj_Inputs!$B$16+B13*Proj_Inputs!$B$17)*B9 -> 0 | C14: =(C12*Proj_Inputs!$B$16+C13*Proj_Inputs!$B$17)*C9 -> 46.34982 | D14: =(D12*Proj_Inputs!$B$16+D13*Proj_Inputs!$B$17)*D9 -> 141.83045 | E14: =(E12*Proj_Inputs!$B$16+E13*Proj_Inputs!$B$17)*E9 -> 281.29706 | F14: =(F12*Proj_Inputs!$B$16+F13*Proj_Inputs!$B$17)*F9 -> 459.0768 | G14: =(G12*Proj_Inputs!$B$16+G13*Proj_Inputs!$B$17)*G9 -> 668.94048 | H14: =(H12*Proj_Inputs!$B$16+H13*Proj_Inputs!$B$17)*H9 -> 852.89911 | I14: =(I12*Proj_Inputs!$B$16+I13*Proj_Inputs!$B$17)*I9 -> 965.65237 | ... Z14: =(Z12*Proj_Inputs!$B$16+Z13*Proj_Inputs!$B$17)*Z9 -> 1352.1464 | AA14: Volumes x net prices x price index
A15: EBITDA | B15: =B14*Proj_Inputs!$B$21 -> 0 | C15: =C14*Proj_Inputs!$B$21 -> 9.7880934 | D15: =D14*Proj_Inputs!$B$21 -> 29.951566 | E15: =E14*Proj_Inputs!$B$21 -> 59.403939 | F15: =F14*Proj_Inputs!$B$21 -> 96.947229 | G15: =G14*Proj_Inputs!$B$21 -> 141.26596 | H15: =H14*Proj_Inputs!$B$21 -> 180.1141 | I15: =I14*Proj_Inputs!$B$21 -> 203.92519 | ... Z15: =Z14*Proj_Inputs!$B$21 -> 285.54449 | AA15: Revenues x EBITDA margin
A16: - D&A (expansion capex) | B16: {=SUMPRODUCT(($B$5:$Z$5>=B$5-Proj_Inputs!$B$23)*($B$5:$Z$5<=B$5-1)*$B$22:$Z$22)/Proj_Inputs!$B$23} -> 0 | C16: {=SUMPRODUCT(($B$5:$Z$5>=C$5-Proj_Inputs!$B$23)*($B$5:$Z$5<=C$5-1)*$B$22:$Z$22)/Proj_Inputs!$B$23} -> -8 | D16: {=SUMPRODUCT(($B$5:$Z$5>=D$5-Proj_Inputs!$B$23)*($B$5:$Z$5<=D$5-1)*$B$22:$Z$22)/Proj_Inputs!$B$23} -> -20 | E16: {=SUMPRODUCT(($B$5:$Z$5>=E$5-Proj_Inputs!$B$23)*($B$5:$Z$5<=E$5-1)*$B$22:$Z$22)/Proj_Inputs!$B$23} -> -32 | F16: {=SUMPRODUCT(($B$5:$Z$5>=F$5-Proj_Inputs!$B$23)*($B$5:$Z$5<=F$5-1)*$B$22:$Z$22)/Proj_Inputs!$B$23} -> -48 | G16: {=SUMPRODUCT(($B$5:$Z$5>=G$5-Proj_Inputs!$B$23)*($B$5:$Z$5<=G$5-1)*$B$22:$Z$22)/Proj_Inputs!$B$23} -> -64 | H16: {=SUMPRODUCT(($B$5:$Z$5>=H$5-Proj_Inputs!$B$23)*($B$5:$Z$5<=H$5-1)*$B$22:$Z$22)/Proj_Inputs!$B$23} -> -76 | I16: {=SUMPRODUCT(($B$5:$Z$5>=I$5-Proj_Inputs!$B$23)*($B$5:$Z$5<=I$5-1)*$B$22:$Z$22)/Proj_Inputs!$B$23} -> -80 | ... Z16: {=SUMPRODUCT(($B$5:$Z$5>=Z$5-Proj_Inputs!$B$23)*($B$5:$Z$5<=Z$5-1)*$B$22:$Z$22)/Proj_Inputs!$B$23} -> 0 | AA16: Each year of capex depreciated over the following 15 years
A17: - D&A (maintenance capex) | B17: {=SUMPRODUCT(($B$5:$Z$5>=B$5-Proj_Inputs!$B$23)*($B$5:$Z$5<=B$5-1)*$B$23:$Z$23)/Proj_Inputs!$B$23} -> 0 | C17: {=SUMPRODUCT(($B$5:$Z$5>=C$5-Proj_Inputs!$B$23)*($B$5:$Z$5<=C$5-1)*$B$23:$Z$23)/Proj_Inputs!$B$23} -> 0 | D17: {=SUMPRODUCT(($B$5:$Z$5>=D$5-Proj_Inputs!$B$23)*($B$5:$Z$5<=D$5-1)*$B$23:$Z$23)/Proj_Inputs!$B$23} -> -0.06179976 | E17: {=SUMPRODUCT(($B$5:$Z$5>=E$5-Proj_Inputs!$B$23)*($B$5:$Z$5<=E$5-1)*$B$23:$Z$23)/Proj_Inputs!$B$23} -> -0.25090703 | F17: {=SUMPRODUCT(($B$5:$Z$5>=F$5-Proj_Inputs!$B$23)*($B$5:$Z$5<=F$5-1)*$B$23:$Z$23)/Proj_Inputs!$B$23} -> -0.62596977 | G17: {=SUMPRODUCT(($B$5:$Z$5>=G$5-Proj_Inputs!$B$23)*($B$5:$Z$5<=G$5-1)*$B$23:$Z$23)/Proj_Inputs!$B$23} -> -1.2380722 | H17: {=SUMPRODUCT(($B$5:$Z$5>=H$5-Proj_Inputs!$B$23)*($B$5:$Z$5<=H$5-1)*$B$23:$Z$23)/Proj_Inputs!$B$23} -> -2.1299928 | I17: {=SUMPRODUCT(($B$5:$Z$5>=I$5-Proj_Inputs!$B$23)*($B$5:$Z$5<=I$5-1)*$B$23:$Z$23)/Proj_Inputs!$B$23} -> -3.2671916 | ... Z17: {=SUMPRODUCT(($B$5:$Z$5>=Z$5-Proj_Inputs!$B$23)*($B$5:$Z$5<=Z$5-1)*$B$23:$Z$23)/Proj_Inputs!$B$23} -> -23.165448 | AA17: Same rule for maintenance capex
A18: EBIT | B18: =B15+B16+B17 -> 0 | C18: =C15+C16+C17 -> 1.7880934 | D18: =D15+D16+D17 -> 9.8897662 | E18: =E15+E16+E17 -> 27.153032 | F18: =F15+F16+F17 -> 48.321259 | G18: =G15+G16+G17 -> 76.02789 | H18: =H15+H16+H17 -> 101.98411 | I18: =I15+I16+I17 -> 120.65799 | ... Z18: =Z15+Z16+Z17 -> 262.37904 | AA18: EBITDA - D&A
A19: - Taxes | B19: =-B18*Proj_Inputs!$B$24 -> 0 | C19: =-C18*Proj_Inputs!$B$24 -> -0.40482436 | D19: =-D18*Proj_Inputs!$B$24 -> -2.2390431 | E19: =-E18*Proj_Inputs!$B$24 -> -6.1474465 | F19: =-F18*Proj_Inputs!$B$24 -> -10.939933 | G19: =-G18*Proj_Inputs!$B$24 -> -17.212714 | H19: =-H18*Proj_Inputs!$B$24 -> -23.089202 | I19: =-I18*Proj_Inputs!$B$24 -> -27.31697 | ... Z19: =-Z18*Proj_Inputs!$B$24 -> -59.402615 | AA19: Tax on EBIT (early losses offset against group profits)
A20: + D&A | B20: =-(B16+B17) -> 0 | C20: =-(C16+C17) -> 8 | D20: =-(D16+D17) -> 20.0618 | E20: =-(E16+E17) -> 32.250907 | F20: =-(F16+F17) -> 48.62597 | G20: =-(G16+G17) -> 65.238072 | H20: =-(H16+H17) -> 78.129993 | I20: =-(I16+I17) -> 83.267192 | ... Z20: =-(Z16+Z17) -> 23.165448 | AA20: Non-cash cost added back
A21: OCF | B21: =B18+B19+B20 -> 0 | C21: =C18+C19+C20 -> 9.3832691 | D21: =D18+D19+D20 -> 27.712523 | E21: =E18+E19+E20 -> 53.256493 | F21: =F18+F19+F20 -> 86.007296 | G21: =G18+G19+G20 -> 124.05325 | H21: =H18+H19+H20 -> 157.0249 | I21: =I18+I19+I20 -> 176.60822 | ... Z21: =Z18+Z19+Z20 -> 226.14188 | AA21: EBIT - Taxes + D&A (= SFC)
A22: - Expansion capex | B22: =-Proj_Inputs!$B$6*B6 -> -120 | C22: =-Proj_Inputs!$B$6*C6 -> -180 | D22: =-Proj_Inputs!$B$6*D6 -> -180 | E22: =-Proj_Inputs!$B$6*E6 -> -240 | F22: =-Proj_Inputs!$B$6*F6 -> -240 | G22: =-Proj_Inputs!$B$6*G6 -> -180 | H22: =-Proj_Inputs!$B$6*H6 -> -60 | I22: =-Proj_Inputs!$B$6*I6 -> 0 | ... Z22: =-Proj_Inputs!$B$6*Z6 -> 0 | AA22: Announced capex x phasing
A23: - Maintenance capex | B23: =-B14*Proj_Inputs!$B$22 -> 0 | C23: =-C14*Proj_Inputs!$B$22 -> -0.9269964 | D23: =-D14*Proj_Inputs!$B$22 -> -2.836609 | E23: =-E14*Proj_Inputs!$B$22 -> -5.6259412 | F23: =-F14*Proj_Inputs!$B$22 -> -9.181536 | G23: =-G14*Proj_Inputs!$B$22 -> -13.37881 | H23: =-H14*Proj_Inputs!$B$22 -> -17.057982 | I23: =-I14*Proj_Inputs!$B$22 -> -19.313047 | ... Z23: =-Z14*Proj_Inputs!$B$22 -> -27.042929 | AA23: Revenues x maintenance capex %
A24: WCR | B24: =B14*Proj_Inputs!$B$25 -> 0 | C24: =C14*Proj_Inputs!$B$25 -> 0.061621167 | D24: =D14*Proj_Inputs!$B$25 -> 0.18856077 | E24: =E14*Proj_Inputs!$B$25 -> 0.37397886 | F24: =F14*Proj_Inputs!$B$25 -> 0.6103335 | G24: =G14*Proj_Inputs!$B$25 -> 0.8893431 | H24: =H14*Proj_Inputs!$B$25 -> 1.1339125 | I24: =I14*Proj_Inputs!$B$25 -> 1.2838157 | ... Z24: =Z14*Proj_Inputs!$B$25 -> 1.7976519 | AA24: Revenues x WCR %
A25: - Change in WCR | B25: =-B24 -> 0 | C25: =-(C24-B24) -> -0.061621167 | D25: =-(D24-C24) -> -0.1269396 | E25: =-(E24-D24) -> -0.18541809 | F25: =-(F24-E24) -> -0.23635464 | G25: =-(G24-F24) -> -0.2790096 | H25: =-(H24-G24) -> -0.24456935 | I25: =-(I24-H24) -> -0.14990323 | J25: =-(J24-I24) -> -0.025676314 | ... Z25: =-(Z24-Y24) -> -0.035248076 | AA25: Increase in WCR financed by the project
A26: + Residual value | B26: =IF(B$5=Proj_Inputs!$B$27,B24-SUM($B$22:$Z$22)-SUM($B$23:$Z$23)+SUM($B$16:$Z$16)+SUM($B$17:$Z$17),0) -> 0 | C26: =IF(C$5=Proj_Inputs!$B$27,C24-SUM($B$22:$Z$22)-SUM($B$23:$Z$23)+SUM($B$16:$Z$16)+SUM($B$17:$Z$17),0) -> 0 | D26: =IF(D$5=Proj_Inputs!$B$27,D24-SUM($B$22:$Z$22)-SUM($B$23:$Z$23)+SUM($B$16:$Z$16)+SUM($B$17:$Z$17),0) -> 0 | E26: =IF(E$5=Proj_Inputs!$B$27,E24-SUM($B$22:$Z$22)-SUM($B$23:$Z$23)+SUM($B$16:$Z$16)+SUM($B$17:$Z$17),0) -> 0 | F26: =IF(F$5=Proj_Inputs!$B$27,F24-SUM($B$22:$Z$22)-SUM($B$23:$Z$23)+SUM($B$16:$Z$16)+SUM($B$17:$Z$17),0) -> 0 | G26: =IF(G$5=Proj_Inputs!$B$27,G24-SUM($B$22:$Z$22)-SUM($B$23:$Z$23)+SUM($B$16:$Z$16)+SUM($B$17:$Z$17),0) -> 0 | H26: =IF(H$5=Proj_Inputs!$B$27,H24-SUM($B$22:$Z$22)-SUM($B$23:$Z$23)+SUM($B$16:$Z$16)+SUM($B$17:$Z$17),0) -> 0 | I26: =IF(I$5=Proj_Inputs!$B$27,I24-SUM($B$22:$Z$22)-SUM($B$23:$Z$23)+SUM($B$16:$Z$16)+SUM($B$17:$Z$17),0) -> 0 | ... Z26: =IF(Z$5=Proj_Inputs!$B$27,Z24-SUM($B$22:$Z$22)-SUM($B$23:$Z$23)+SUM($B$16:$Z$16)+SUM($B$17:$Z$17),0) -> 199.54918 | AA26: Last year: WCR recovered + net book value of fixed assets
A27: Free Cash Flow | B27: =B21+B22+B23+B25+B26 -> -120 | C27: =C21+C22+C23+C25+C26 -> -171.60535 | D27: =D21+D22+D23+D25+D26 -> -155.25103 | E27: =E21+E22+E23+E25+E26 -> -192.55487 | F27: =F21+F22+F23+F25+F26 -> -163.41059 | G27: =G21+G22+G23+G25+G26 -> -69.604572 | H27: =H21+H22+H23+H25+H26 -> 79.722347 | I27: =I21+I22+I23+I25+I26 -> 157.14526 | ... Z27: =Z21+Z22+Z23+Z25+Z26 -> 398.61288 | AA27: FCF = OCF - Capex - Change in WCR + Residual value
A28: Discount factor | B28: =1/(1+Proj_Inputs!$B$26)^B$5 -> 0.92929904 | C28: =1/(1+Proj_Inputs!$B$26)^C$5 -> 0.8635967 | D28: =1/(1+Proj_Inputs!$B$26)^D$5 -> 0.80253958 | E28: =1/(1+Proj_Inputs!$B$26)^E$5 -> 0.74579926 | F28: =1/(1+Proj_Inputs!$B$26)^F$5 -> 0.69307054 | G28: =1/(1+Proj_Inputs!$B$26)^G$5 -> 0.64406979 | H28: =1/(1+Proj_Inputs!$B$26)^H$5 -> 0.59853343 | I28: =1/(1+Proj_Inputs!$B$26)^I$5 -> 0.55621654 | ... Z28: =1/(1+Proj_Inputs!$B$26)^Z$5 -> 0.15991426 | AA28: 1/(1+WACC)^t
A29: PV(FCF) | B29: =B27*B28 -> -111.51588 | C29: =C27*C28 -> -148.19781 | D29: =D27*D28 -> -124.59509 | E29: =E27*E28 -> -143.60728 | F29: =F27*F28 -> -113.25507 | G29: =G27*G28 -> -44.830202 | H29: =H27*H28 -> 47.71649 | I29: =I27*I28 -> 87.406796 | ... Z29: =Z27*Z28 -> 63.743883 | AA29: FCF x discount factor
A30: Cumulative FCF | B30: =B27 -> -120 | C30: =B30+C27 -> -291.60535 | D30: =C30+D27 -> -446.85637 | E30: =D30+E27 -> -639.41124 | F30: =E30+F27 -> -802.82184 | G30: =F30+G27 -> -872.42641 | H30: =G30+H27 -> -792.70406 | I30: =H30+I27 -> -635.5588 | J30: =I30+J27 -> -475.22894 | ... Z30: =Y30+Z27 -> 2645.0833 | AA30: Used for the payback period
A31: Cumulative PV(FCF) | B31: =B29 -> -111.51588 | C31: =B31+C29 -> -259.7137 | D31: =C31+D29 -> -384.30879 | E31: =D31+E29 -> -527.91607 | F31: =E31+F29 -> -641.17114 | G31: =F31+G29 -> -686.00134 | H31: =G31+H29 -> -638.28485 | I31: =H31+I29 -> -550.87805 | J31: =I31+J29 -> -468.00491 | ... Z31: =Y31+Z29 -> 405.32106 | AA31: Used for the discounted payback period
A33: Results (base case) | B33: Value | C33: Unit | D33: Relevant Informations / Formulas
A34: NPV | B34: =SUM(B29:Z29) -> 405.32106 | C34: USD m | D34: Sum of PV(FCF)
A35: NPV | B35: =B34/Proj_Inputs!$B$28 -> 374.46513 | C35: EUR m | D35: At the ECB 2024 average rate
A36: IRR | B36: =IRR(B27:Z27) -> 0.1219039 | C36: percentage | D36: Rate that makes the NPV zero
A37: WACC (hurdle rate) | B37: =Proj_Inputs!$B$26 -> 0.076079883 | C37: percentage | D37: Project accepted if IRR > WACC
A38: IRR - WACC | B38: =B36-B37 -> 0.045824018 | C38: percentage
A39: PV of expansion capex | B39: =-SUMPRODUCT(B22:Z22,B28:Z28) -> 908.59374 | C39: USD m | D39: Initial investment, discounted
A40: Profitability index | B40: =1+B34/B39 -> 1.4460971 | C40: number | D40: PI = 1 + NPV / PV of investment
A41: Payback period | B41: =IF(COUNTIF(B30:Z30,"<0")=25,"not recovered",COUNTIF(B30:Z30,"<0")-INDEX(B30:Z30,1,COUNTIF(B30:Z30,"<0"))/INDEX(B27:Z27,1,COUNTIF(B30:Z30,"<0")+1)) -> 11.854381 | C41: years | D41: Years until cumulative FCF turns positive
A42: Discounted payback period | B42: =IF(COUNTIF(B31:Z31,"<0")=25,"not recovered",COUNTIF(B31:Z31,"<0")-INDEX(B31:Z31,1,COUNTIF(B31:Z31,"<0"))/INDEX(B29:Z29,1,COUNTIF(B31:Z31,"<0")+1)) -> 15.9631 | C42: years | D42: Same, on discounted flows
A43: NPV at WACC - 1 pp | B43: =NPV(B37-0.01,B27:Z27) -> 548.54932 | C43: USD m | D43: Sensitivity to the discount rate
A44: NPV at WACC + 1 pp | B44: =NPV(B37+0.01,B27:Z27) -> 286.20265 | C44: USD m | D44: Sensitivity to the discount rate
A46: PV Components (used in Risk_Analysis) | B46: Value | C46: Unit | D46: Relevant Informations / Formulas
A47: PV of revenues (A) | B47: =SUMPRODUCT(B14:Z14,B28:Z28) -> 7996.614 | C47: USD m | D47: Scales with price and utilisation
A48: PV of capex-linked flows (C) | B48: =SUMPRODUCT(B22:Z22,B28:Z28)-Proj_Inputs!$B$24*SUMPRODUCT(B16:Z16,B28:Z28)+(-SUM(B22:Z22)+SUM(B16:Z16))*Z28 -> -788.34881 | C48: USD m | D48: Expansion capex + its tax saving on D&A + its residual value; scales with capex overrun
A49: PV of other revenue-linked flows (B) | B49: =B34-Proj_Inputs!$B$21*(1-Proj_Inputs!$B$24)*B47-B48 -> -112.71954 | C49: USD m | D49: Maintenance capex, WCR and their tax/residual effects; scales with price and utilisation
A50: Check: margin x (1-T) x A + B + C - NPV | B50: =Proj_Inputs!$B$21*(1-Proj_Inputs!$B$24)*B47+B49+B48-B34 -> 0 | C50: USD m | D50: Must be 0
A52: Global IRR and Financial Break-Even (FBE) | B52: Value | C52: Unit | D52: Relevant Informations / Formulas
A53: Global IRR (reinvestment at WACC) | B53: =((1+MIRR(B27:Z27,B37,B37))^(Z5-1)*(1+B37))^(1/Z5)-1 -> 0.096250076 | C53: percentage | D53: Flows reinvested at the WACC instead of the IRR
A54: Break-even revenue factor | B54: =-B48/(Proj_Inputs!$B$21*(1-Proj_Inputs!$B$24)*B47+B49) -> 0.66044124 | C54: number | D54: Sales level at which NPV = 0, as a multiple of the base case: -C / (margin × (1 - T) × A + B)
A55: Break-even price per car tyre | B55: =Proj_Inputs!$B$16*B54 -> 108.97281 | C55: USD / tyre | D55: Base price × break-even factor
A56: Break-even sales volume | B56: =(Proj_Inputs!$B$10+Proj_Inputs!$B$11)*Proj_Inputs!$B$20*B54 -> 3.298904 | C56: m tyres / year | D56: Added capacity × utilisation × break-even factor
A57: Break-even utilisation | B57: =Proj_Inputs!$B$20*B54 -> 0.59439712 | C57: percentage | D57: Base utilisation × break-even factor
A58: Security Index | B58: =1-B54 -> 0.33955876 | C58: percentage | D58: Margin of safety / turnover = 1 - break-even factor
A59: Neutral Point | B59: =B54*360 -> 237.75885 | C59: days | D59: FBE / (annual turnover / 360) = break even factor × 360

Sheet NPV_Hankook
A1: Investment Project NPV - Hankook: Clarksville (Tennessee) plant expansion
A2: (USD m; flows at year-end; NPV at the decision date, i.e. the start of the first investment year)
A4: Timeline | B4: =Proj_Inputs!$C$7 -> 2023 | C4: =B4+1 -> 2024 | D4: =C4+1 -> 2025 | E4: =D4+1 -> 2026 | F4: =E4+1 -> 2027 | G4: =F4+1 -> 2028 | H4: =G4+1 -> 2029 | I4: =H4+1 -> 2030 | J4: =I4+1 -> 2031 | ... Z4: =Y4+1 -> 2047 | AA4: Relevant Informations / Formulas
A5: (discount year) | B5: 1 | C5: 2 | D5: 3 | E5: 4 | F5: 5 | G5: 6 | H5: 7 | I5: 8 | J5: 9 | K5: 10 | L5: 11 | M5: 12 | N5: 13 | O5: 14 | P5: 15 | Q5: 16 | R5: 17 | S5: 18 | T5: 19 | U5: 20 | V5: 21 | W5: 22 | X5: 23 | Y5: 24 | Z5: 25
A6: Expansion capex phasing | B6: 0.3 | C6: 0.4 | D6: 0.25 | E6: 0.05 | F6: 0 | G6: 0 | H6: 0 | I6: 0 | J6: 0 | K6: 0 | L6: 0 | M6: 0 | N6: 0 | O6: 0 | P6: 0 | Q6: 0 | R6: 0 | S6: 0 | T6: 0 | U6: 0 | V6: 0 | W6: 0 | X6: 0 | Y6: 0 | Z6: 0 | AA6: Assumption: spending concentrated before the start of production
A7: Added capacity available - PCLT (m tyres) | B7: 0 | C7: 0.3 | D7: 3 | E7: 5.5 | F7: 5.5 | G7: 5.5 | H7: 5.5 | I7: 5.5 | J7: 5.5 | K7: 5.5 | L7: 5.5 | M7: 5.5 | N7: 5.5 | O7: 5.5 | P7: 5.5 | Q7: 5.5 | R7: 5.5 | S7: 5.5 | T7: 5.5 | U7: 5.5 | V7: 5.5 | W7: 5.5 | X7: 5.5 | Y7: 5.5 | Z7: 5.5 | AA7: Production from Q4 2024, full capacity early 2026 (press release)
A8: Added capacity available - TBR (m tyres) | B8: 0 | C8: 0 | D8: 0.5 | E8: 1 | F8: 1 | G8: 1 | H8: 1 | I8: 1 | J8: 1 | K8: 1 | L8: 1 | M8: 1 | N8: 1 | O8: 1 | P8: 1 | Q8: 1 | R8: 1 | S8: 1 | T8: 1 | U8: 1 | V8: 1 | W8: 1 | X8: 1 | Y8: 1 | Z8: 1 | AA8: First US truck & bus line, full capacity early 2026
A9: Price index | B9: =(1+Proj_Inputs!$C$19)^(B$4-Proj_Inputs!$C$18) -> 0.96116878 | C9: =(1+Proj_Inputs!$C$19)^(C$4-Proj_Inputs!$C$18) -> 0.98039216 | D9: =(1+Proj_Inputs!$C$19)^(D$4-Proj_Inputs!$C$18) -> 1 | E9: =(1+Proj_Inputs!$C$19)^(E$4-Proj_Inputs!$C$18) -> 1.02 | F9: =(1+Proj_Inputs!$C$19)^(F$4-Proj_Inputs!$C$18) -> 1.0404 | G9: =(1+Proj_Inputs!$C$19)^(G$4-Proj_Inputs!$C$18) -> 1.061208 | H9: =(1+Proj_Inputs!$C$19)^(H$4-Proj_Inputs!$C$18) -> 1.0824322 | I9: =(1+Proj_Inputs!$C$19)^(I$4-Proj_Inputs!$C$18) -> 1.1040808 | ... Z9: =(1+Proj_Inputs!$C$19)^(Z$4-Proj_Inputs!$C$18) -> 1.5459797 | AA9: (1 + price growth)^(year - price base year)
A11: Free Cash Flow (base case) | B11: =B4 -> 2023 | C11: =C4 -> 2024 | D11: =D4 -> 2025 | E11: =E4 -> 2026 | F11: =F4 -> 2027 | G11: =G4 -> 2028 | H11: =H4 -> 2029 | I11: =I4 -> 2030 | ... Z11: =Z4 -> 2047 | AA11: Relevant Informations / Formulas
A12: Sales volume - PCLT (m tyres) | B12: =B7*Proj_Inputs!$C$20 -> 0 | C12: =C7*Proj_Inputs!$C$20 -> 0.27 | D12: =D7*Proj_Inputs!$C$20 -> 2.7 | E12: =E7*Proj_Inputs!$C$20 -> 4.95 | F12: =F7*Proj_Inputs!$C$20 -> 4.95 | G12: =G7*Proj_Inputs!$C$20 -> 4.95 | H12: =H7*Proj_Inputs!$C$20 -> 4.95 | I12: =I7*Proj_Inputs!$C$20 -> 4.95 | ... Z12: =Z7*Proj_Inputs!$C$20 -> 4.95 | AA12: Capacity available x utilisation
A13: Sales volume - TBR (m tyres) | B13: =B8*Proj_Inputs!$C$20 -> 0 | C13: =C8*Proj_Inputs!$C$20 -> 0 | D13: =D8*Proj_Inputs!$C$20 -> 0.45 | E13: =E8*Proj_Inputs!$C$20 -> 0.9 | F13: =F8*Proj_Inputs!$C$20 -> 0.9 | G13: =G8*Proj_Inputs!$C$20 -> 0.9 | H13: =H8*Proj_Inputs!$C$20 -> 0.9 | I13: =I8*Proj_Inputs!$C$20 -> 0.9 | ... Z13: =Z8*Proj_Inputs!$C$20 -> 0.9 | AA13: Capacity available x utilisation
A14: Revenues | B14: =(B12*Proj_Inputs!$C$16+B13*Proj_Inputs!$C$17)*B9 -> 0 | C14: =(C12*Proj_Inputs!$C$16+C13*Proj_Inputs!$C$17)*C9 -> 25.147059 | D14: =(D12*Proj_Inputs!$C$16+D13*Proj_Inputs!$C$17)*D9 -> 391.5 | E14: =(E12*Proj_Inputs!$C$16+E13*Proj_Inputs!$C$17)*E9 -> 755.055 | F14: =(F12*Proj_Inputs!$C$16+F13*Proj_Inputs!$C$17)*F9 -> 770.1561 | G14: =(G12*Proj_Inputs!$C$16+G13*Proj_Inputs!$C$17)*G9 -> 785.55922 | H14: =(H12*Proj_Inputs!$C$16+H13*Proj_Inputs!$C$17)*H9 -> 801.27041 | I14: =(I12*Proj_Inputs!$C$16+I13*Proj_Inputs!$C$17)*I9 -> 817.29581 | ... Z14: =(Z12*Proj_Inputs!$C$16+Z13*Proj_Inputs!$C$17)*Z9 -> 1144.4115 | AA14: Volumes x net prices x price index
A15: EBITDA | B15: =B14*Proj_Inputs!$C$21 -> 0 | C15: =C14*Proj_Inputs!$C$21 -> 4.9875504 | D15: =D14*Proj_Inputs!$C$21 -> 77.648285 | E15: =E14*Proj_Inputs!$C$21 -> 149.75409 | F15: =F14*Proj_Inputs!$C$21 -> 152.74917 | G15: =G14*Proj_Inputs!$C$21 -> 155.80415 | H15: =H14*Proj_Inputs!$C$21 -> 158.92024 | I15: =I14*Proj_Inputs!$C$21 -> 162.09864 | ... Z15: =Z14*Proj_Inputs!$C$21 -> 226.97723 | AA15: Revenues x EBITDA margin
A16: - D&A (expansion capex) | B16: {=SUMPRODUCT(($B$5:$Z$5>=B$5-Proj_Inputs!$C$23)*($B$5:$Z$5<=B$5-1)*$B$22:$Z$22)/Proj_Inputs!$C$23} -> 0 | C16: {=SUMPRODUCT(($B$5:$Z$5>=C$5-Proj_Inputs!$C$23)*($B$5:$Z$5<=C$5-1)*$B$22:$Z$22)/Proj_Inputs!$C$23} -> -32 | D16: {=SUMPRODUCT(($B$5:$Z$5>=D$5-Proj_Inputs!$C$23)*($B$5:$Z$5<=D$5-1)*$B$22:$Z$22)/Proj_Inputs!$C$23} -> -74.666667 | E16: {=SUMPRODUCT(($B$5:$Z$5>=E$5-Proj_Inputs!$C$23)*($B$5:$Z$5<=E$5-1)*$B$22:$Z$22)/Proj_Inputs!$C$23} -> -101.33333 | F16: {=SUMPRODUCT(($B$5:$Z$5>=F$5-Proj_Inputs!$C$23)*($B$5:$Z$5<=F$5-1)*$B$22:$Z$22)/Proj_Inputs!$C$23} -> -106.66667 | G16: {=SUMPRODUCT(($B$5:$Z$5>=G$5-Proj_Inputs!$C$23)*($B$5:$Z$5<=G$5-1)*$B$22:$Z$22)/Proj_Inputs!$C$23} -> -106.66667 | H16: {=SUMPRODUCT(($B$5:$Z$5>=H$5-Proj_Inputs!$C$23)*($B$5:$Z$5<=H$5-1)*$B$22:$Z$22)/Proj_Inputs!$C$23} -> -106.66667 | I16: {=SUMPRODUCT(($B$5:$Z$5>=I$5-Proj_Inputs!$C$23)*($B$5:$Z$5<=I$5-1)*$B$22:$Z$22)/Proj_Inputs!$C$23} -> -106.66667 | ... Z16: {=SUMPRODUCT(($B$5:$Z$5>=Z$5-Proj_Inputs!$C$23)*($B$5:$Z$5<=Z$5-1)*$B$22:$Z$22)/Proj_Inputs!$C$23} -> 0 | AA16: Each year of capex depreciated over the following 15 years
A17: - D&A (maintenance capex) | B17: {=SUMPRODUCT(($B$5:$Z$5>=B$5-Proj_Inputs!$C$23)*($B$5:$Z$5<=B$5-1)*$B$23:$Z$23)/Proj_Inputs!$C$23} -> 0 | C17: {=SUMPRODUCT(($B$5:$Z$5>=C$5-Proj_Inputs!$C$23)*($B$5:$Z$5<=C$5-1)*$B$23:$Z$23)/Proj_Inputs!$C$23} -> 0 | D17: {=SUMPRODUCT(($B$5:$Z$5>=D$5-Proj_Inputs!$C$23)*($B$5:$Z$5<=D$5-1)*$B$23:$Z$23)/Proj_Inputs!$C$23} -> -0.033529412 | E17: {=SUMPRODUCT(($B$5:$Z$5>=E$5-Proj_Inputs!$C$23)*($B$5:$Z$5<=E$5-1)*$B$23:$Z$23)/Proj_Inputs!$C$23} -> -0.55552941 | F17: {=SUMPRODUCT(($B$5:$Z$5>=F$5-Proj_Inputs!$C$23)*($B$5:$Z$5<=F$5-1)*$B$23:$Z$23)/Proj_Inputs!$C$23} -> -1.5622694 | G17: {=SUMPRODUCT(($B$5:$Z$5>=G$5-Proj_Inputs!$C$23)*($B$5:$Z$5<=G$5-1)*$B$23:$Z$23)/Proj_Inputs!$C$23} -> -2.5891442 | H17: {=SUMPRODUCT(($B$5:$Z$5>=H$5-Proj_Inputs!$C$23)*($B$5:$Z$5<=H$5-1)*$B$23:$Z$23)/Proj_Inputs!$C$23} -> -3.6365565 | I17: {=SUMPRODUCT(($B$5:$Z$5>=I$5-Proj_Inputs!$C$23)*($B$5:$Z$5<=I$5-1)*$B$23:$Z$23)/Proj_Inputs!$C$23} -> -4.704917 | ... Z17: {=SUMPRODUCT(($B$5:$Z$5>=Z$5-Proj_Inputs!$C$23)*($B$5:$Z$5<=Z$5-1)*$B$23:$Z$23)/Proj_Inputs!$C$23} -> -19.606459 | AA17: Same rule for maintenance capex
A18: EBIT | B18: =B15+B16+B17 -> 0 | C18: =C15+C16+C17 -> -27.01245 | D18: =D15+D16+D17 -> 2.9480885 | E18: =E15+E16+E17 -> 47.865225 | F18: =F15+F16+F17 -> 44.520234 | G18: =G15+G16+G17 -> 46.548342 | H18: =H15+H16+H17 -> 48.617013 | I18: =I15+I16+I17 -> 50.727057 | ... Z18: =Z15+Z16+Z17 -> 207.37077 | AA18: EBITDA - D&A
A19: - Taxes | B19: =-B18*Proj_Inputs!$C$24 -> 0 | C19: =-C18*Proj_Inputs!$C$24 -> 7.5986021 | D19: =-D18*Proj_Inputs!$C$24 -> -0.82929728 | E19: =-E18*Proj_Inputs!$C$24 -> -13.464488 | F19: =-F18*Proj_Inputs!$C$24 -> -12.523542 | G19: =-G18*Proj_Inputs!$C$24 -> -13.094049 | H19: =-H18*Proj_Inputs!$C$24 -> -13.675966 | I19: =-I18*Proj_Inputs!$C$24 -> -14.269521 | ... Z19: =-Z18*Proj_Inputs!$C$24 -> -58.333398 | AA19: Tax on EBIT (early losses offset against group profits)
A20: + D&A | B20: =-(B16+B17) -> 0 | C20: =-(C16+C17) -> 32 | D20: =-(D16+D17) -> 74.700196 | E20: =-(E16+E17) -> 101.88886 | F20: =-(F16+F17) -> 108.22894 | G20: =-(G16+G17) -> 109.25581 | H20: =-(H16+H17) -> 110.30322 | I20: =-(I16+I17) -> 111.37158 | ... Z20: =-(Z16+Z17) -> 19.606459 | AA20: Non-cash cost added back
A21: OCF | B21: =B18+B19+B20 -> 0 | C21: =C18+C19+C20 -> 12.586152 | D21: =D18+D19+D20 -> 76.818987 | E21: =E18+E19+E20 -> 136.2896 | F21: =F18+F19+F20 -> 140.22563 | G21: =G18+G19+G20 -> 142.7101 | H21: =H18+H19+H20 -> 145.24427 | I21: =I18+I19+I20 -> 147.82912 | ... Z21: =Z18+Z19+Z20 -> 168.64383 | AA21: EBIT - Taxes + D&A (= SFC)
A22: - Expansion capex | B22: =-Proj_Inputs!$C$6*B6 -> -480 | C22: =-Proj_Inputs!$C$6*C6 -> -640 | D22: =-Proj_Inputs!$C$6*D6 -> -400 | E22: =-Proj_Inputs!$C$6*E6 -> -80 | F22: =-Proj_Inputs!$C$6*F6 -> 0 | G22: =-Proj_Inputs!$C$6*G6 -> 0 | H22: =-Proj_Inputs!$C$6*H6 -> 0 | I22: =-Proj_Inputs!$C$6*I6 -> 0 | ... Z22: =-Proj_Inputs!$C$6*Z6 -> 0 | AA22: Announced capex x phasing
A23: - Maintenance capex | B23: =-B14*Proj_Inputs!$C$22 -> 0 | C23: =-C14*Proj_Inputs!$C$22 -> -0.50294118 | D23: =-D14*Proj_Inputs!$C$22 -> -7.83 | E23: =-E14*Proj_Inputs!$C$22 -> -15.1011 | F23: =-F14*Proj_Inputs!$C$22 -> -15.403122 | G23: =-G14*Proj_Inputs!$C$22 -> -15.711184 | H23: =-H14*Proj_Inputs!$C$22 -> -16.025408 | I23: =-I14*Proj_Inputs!$C$22 -> -16.345916 | ... Z23: =-Z14*Proj_Inputs!$C$22 -> -22.888229 | AA23: Revenues x maintenance capex %
A24: WCR | B24: =B14*Proj_Inputs!$C$25 -> 0 | C24: =C14*Proj_Inputs!$C$25 -> 7.9104381 | D24: =D14*Proj_Inputs!$C$25 -> 123.15303 | E24: =E14*Proj_Inputs!$C$25 -> 237.51549 | F24: =F14*Proj_Inputs!$C$25 -> 242.26579 | G24: =G14*Proj_Inputs!$C$25 -> 247.11111 | H24: =H14*Proj_Inputs!$C$25 -> 252.05333 | I24: =I14*Proj_Inputs!$C$25 -> 257.0944 | ... Z24: =Z14*Proj_Inputs!$C$25 -> 359.99423 | AA24: Revenues x WCR %
A25: - Change in WCR | B25: =-B24 -> 0 | C25: =-(C24-B24) -> -7.9104381 | D25: =-(D24-C24) -> -115.24259 | E25: =-(E24-D24) -> -114.36245 | F25: =-(F24-E24) -> -4.7503097 | G25: =-(G24-F24) -> -4.8453159 | H25: =-(H24-G24) -> -4.9422222 | I25: =-(I24-H24) -> -5.0410667 | J25: =-(J24-I24) -> -5.141888 | ... Z25: =-(Z24-Y24) -> -7.0587103 | AA25: Increase in WCR financed by the project
A26: + Residual value | B26: =IF(B$5=Proj_Inputs!$C$27,B24-SUM($B$22:$Z$22)-SUM($B$23:$Z$23)+SUM($B$16:$Z$16)+SUM($B$17:$Z$17),0) -> 0 | C26: =IF(C$5=Proj_Inputs!$C$27,C24-SUM($B$22:$Z$22)-SUM($B$23:$Z$23)+SUM($B$16:$Z$16)+SUM($B$17:$Z$17),0) -> 0 | D26: =IF(D$5=Proj_Inputs!$C$27,D24-SUM($B$22:$Z$22)-SUM($B$23:$Z$23)+SUM($B$16:$Z$16)+SUM($B$17:$Z$17),0) -> 0 | E26: =IF(E$5=Proj_Inputs!$C$27,E24-SUM($B$22:$Z$22)-SUM($B$23:$Z$23)+SUM($B$16:$Z$16)+SUM($B$17:$Z$17),0) -> 0 | F26: =IF(F$5=Proj_Inputs!$C$27,F24-SUM($B$22:$Z$22)-SUM($B$23:$Z$23)+SUM($B$16:$Z$16)+SUM($B$17:$Z$17),0) -> 0 | G26: =IF(G$5=Proj_Inputs!$C$27,G24-SUM($B$22:$Z$22)-SUM($B$23:$Z$23)+SUM($B$16:$Z$16)+SUM($B$17:$Z$17),0) -> 0 | H26: =IF(H$5=Proj_Inputs!$C$27,H24-SUM($B$22:$Z$22)-SUM($B$23:$Z$23)+SUM($B$16:$Z$16)+SUM($B$17:$Z$17),0) -> 0 | I26: =IF(I$5=Proj_Inputs!$C$27,I24-SUM($B$22:$Z$22)-SUM($B$23:$Z$23)+SUM($B$16:$Z$16)+SUM($B$17:$Z$17),0) -> 0 | ... Z26: =IF(Z$5=Proj_Inputs!$C$27,Z24-SUM($B$22:$Z$22)-SUM($B$23:$Z$23)+SUM($B$16:$Z$16)+SUM($B$17:$Z$17),0) -> 527.3645 | AA26: Last year: WCR recovered + net book value of fixed assets
A27: Free Cash Flow | B27: =B21+B22+B23+B25+B26 -> -480 | C27: =C21+C22+C23+C25+C26 -> -635.82723 | D27: =D21+D22+D23+D25+D26 -> -446.25361 | E27: =E21+E22+E23+E25+E26 -> -73.173953 | F27: =F21+F22+F23+F25+F26 -> 120.0722 | G27: =G21+G22+G23+G25+G26 -> 122.1536 | H27: =H21+H22+H23+H25+H26 -> 124.27664 | I27: =I21+I22+I23+I25+I26 -> 126.44214 | ... Z27: =Z21+Z22+Z23+Z25+Z26 -> 666.06139 | AA27: FCF = OCF - Capex - Change in WCR + Residual value
A28: Discount factor | B28: =1/(1+Proj_Inputs!$C$26)^B$5 -> 0.94446237 | C28: =1/(1+Proj_Inputs!$C$26)^C$5 -> 0.89200917 | D28: =1/(1+Proj_Inputs!$C$26)^D$5 -> 0.84246909 | E28: =1/(1+Proj_Inputs!$C$26)^E$5 -> 0.79568035 | F28: =1/(1+Proj_Inputs!$C$26)^F$5 -> 0.75149015 | G28: =1/(1+Proj_Inputs!$C$26)^G$5 -> 0.70975417 | H28: =1/(1+Proj_Inputs!$C$26)^H$5 -> 0.6703361 | I28: =1/(1+Proj_Inputs!$C$26)^I$5 -> 0.63310723 | ... Z28: =1/(1+Proj_Inputs!$C$26)^Z$5 -> 0.23967154 | AA28: 1/(1+WACC)^t
A29: PV(FCF) | B29: =B27*B28 -> -453.34194 | C29: =C27*C28 -> -567.16371 | D29: =D27*D28 -> -375.95487 | E29: =E27*E28 -> -58.223077 | F29: =F27*F28 -> 90.233073 | G29: =G27*G28 -> 86.69903 | H29: =H27*H28 -> 83.307119 | I29: =I27*I28 -> 80.05143 | ... Z29: =Z27*Z28 -> 159.63596 | AA29: FCF x discount factor
A30: Cumulative FCF | B30: =B27 -> -480 | C30: =B30+C27 -> -1115.8272 | D30: =C30+D27 -> -1562.0808 | E30: =D30+E27 -> -1635.2548 | F30: =E30+F27 -> -1515.1826 | G30: =F30+G27 -> -1393.029 | H30: =G30+H27 -> -1268.7523 | I30: =H30+I27 -> -1142.3102 | J30: =I30+J27 -> -1013.6593 | ... Z30: =Y30+Z27 -> 1665.6324 | AA30: Used for the payback period
A31: Cumulative PV(FCF) | B31: =B29 -> -453.34194 | C31: =B31+C29 -> -1020.5057 | D31: =C31+D29 -> -1396.4605 | E31: =D31+E29 -> -1454.6836 | F31: =E31+F29 -> -1364.4505 | G31: =F31+G29 -> -1277.7515 | H31: =G31+H29 -> -1194.4444 | I31: =H31+I29 -> -1114.3929 | J31: =I31+J29 -> -1037.4666 | ... Z31: =Y31+Z29 -> -89.741191 | AA31: Used for the discounted payback period
A33: Results (base case) | B33: Value | C33: Unit | D33: Relevant Informations / Formulas
A34: NPV | B34: =SUM(B29:Z29) -> -89.741191 | C34: USD m | D34: Sum of PV(FCF)
A35: NPV | B35: =B34/Proj_Inputs!$C$28 -> -82.909452 | C35: EUR m | D35: At the ECB 2024 average rate
A36: IRR | B36: =IRR(B27:Z27) -> 0.053335884 | C36: percentage | D36: Rate that makes the NPV zero
A37: WACC (hurdle rate) | B37: =Proj_Inputs!$C$26 -> 0.058803434 | C37: percentage | D37: Project accepted if IRR > WACC
A38: IRR - WACC | B38: =B36-B37 -> -0.0054675501 | C38: percentage
A39: PV of expansion capex | B39: =-SUMPRODUCT(B22:Z22,B28:Z28) -> 1424.8699 | C39: USD m | D39: Initial investment, discounted
A40: Profitability index | B40: =1+B34/B39 -> 0.93701797 | C40: number | D40: PI = 1 + NPV / PV of investment
A41: Payback period | B41: =IF(COUNTIF(B30:Z30,"<0")=25,"not recovered",COUNTIF(B30:Z30,"<0")-INDEX(B30:Z30,1,COUNTIF(B30:Z30,"<0"))/INDEX(B27:Z27,1,COUNTIF(B30:Z30,"<0")+1)) -> 16.341268 | C41: years | D41: Years until cumulative FCF turns positive
A42: Discounted payback period | B42: =IF(COUNTIF(B31:Z31,"<0")=25,"not recovered",COUNTIF(B31:Z31,"<0")-INDEX(B31:Z31,1,COUNTIF(B31:Z31,"<0"))/INDEX(B29:Z29,1,COUNTIF(B31:Z31,"<0")+1)) -> not recovered | C42: years | D42: Same, on discounted flows
A43: NPV at WACC - 1 pp | B43: =NPV(B37-0.01,B27:Z27) -> 82.119621 | C43: USD m | D43: Sensitivity to the discount rate
A44: NPV at WACC + 1 pp | B44: =NPV(B37+0.01,B27:Z27) -> -230.87552 | C44: USD m | D44: Sensitivity to the discount rate
A46: PV Components (used in Risk_Analysis) | B46: Value | C46: Unit | D46: Relevant Informations / Formulas
A47: PV of revenues (A) | B47: =SUMPRODUCT(B14:Z14,B28:Z28) -> 9535.5171 | C47: USD m | D47: Scales with price and utilisation
A48: PV of capex-linked flows (C) | B48: =SUMPRODUCT(B22:Z22,B28:Z28)-Proj_Inputs!$C$24*SUMPRODUCT(B16:Z16,B28:Z28)+(-SUM(B22:Z22)+SUM(B16:Z16))*Z28 -> -1163.3072 | C48: USD m | D48: Expansion capex + its tax saving on D&A + its residual value; scales with capex overrun
A49: PV of other revenue-linked flows (B) | B49: =B34-Proj_Inputs!$C$21*(1-Proj_Inputs!$C$24)*B47-B48 -> -285.66102 | C49: USD m | D49: Maintenance capex, WCR and their tax/residual effects; scales with price and utilisation
A50: Check: margin x (1-T) x A + B + C - NPV | B50: =Proj_Inputs!$C$21*(1-Proj_Inputs!$C$24)*B47+B49+B48-B34 -> 0 | C50: USD m | D50: Must be 0
A52: Global IRR and Financial Break-Even (FBE) | B52: Value | C52: Unit | D52: Relevant Informations / Formulas
A53: Global IRR (reinvestment at WACC) | B53: =((1+MIRR(B27:Z27,B37,B37))^(Z5-1)*(1+B37))^(1/Z5)-1 -> 0.056110043 | C53: percentage | D53: Flows reinvested at the WACC instead of the IRR
A54: Break-even revenue factor | B54: =-B48/(Proj_Inputs!$C$21*(1-Proj_Inputs!$C$24)*B47+B49) -> 1.0835917 | C54: number | D54: Sales level at which NPV = 0, as a multiple of the base case: -C / (margin × (1 - T) × A + B)
A55: Break-even price per car tyre | B55: =Proj_Inputs!$C$16*B54 -> 102.94121 | C55: USD / tyre | D55: Base price × break-even factor; the same factor applies to the truck tyre price ($300 -> $325)
A56: Break-even sales volume | B56: =(Proj_Inputs!$C$10+Proj_Inputs!$C$11)*Proj_Inputs!$C$20*B54 -> 6.3390114 | C56: m tyres / year | D56: Added capacity × utilisation × break-even factor
A57: Break-even utilisation | B57: =Proj_Inputs!$C$20*B54 -> 0.97523252 | C57: percentage | D57: Base utilisation × break-even factor
A58: Security Index | B58: =1-B54 -> -0.083591687 | C58: percentage | D58: Margin of safety / turnover = 1 - break-even factor
A59: Neutral Point | B59: =B54*360 -> 390.09301 | C59: days | D59: FBE / (annual turnover / 360) = break even factor × 360

Sheet Risk_Analysis
A1: Risk Analysis - Scenarios and Simulation (USD m)
A2: (NPV = revenue factor x [(margin + shock) x (1 - T) x A + B] + (1 + capex overrun) x C, with A, B, C from the NPV sheets; revenue factor = (1 + price shock) x (utilisation + shock) / utilisation)
A4: Scenario Analysis | B4: Downside | C4: Base | D4: Upside | E4: Relevant Informations / Formulas
A5: Price / mix shock | B5: =Proj_Inputs!B38 -> -0.1 | C5: =Proj_Inputs!C38 -> 0 | D5: =Proj_Inputs!D38 -> 0.05 | E5: From 'Proj_Inputs'
A6: Utilisation shock | B6: =Proj_Inputs!B39 -> -0.1 | C6: =Proj_Inputs!C39 -> 0 | D6: =Proj_Inputs!D39 -> 0.05 | E6: From 'Proj_Inputs'
A7: EBITDA margin shock | B7: =Proj_Inputs!B40 -> -0.03 | C7: =Proj_Inputs!C40 -> 0 | D7: =Proj_Inputs!D40 -> 0.03 | E7: From 'Proj_Inputs'
A8: Capex overrun | B8: =Proj_Inputs!B41 -> 0.15 | C8: =Proj_Inputs!C41 -> 0 | D8: =Proj_Inputs!D41 -> 0 | E8: From 'Proj_Inputs'
A9: NPV Pirelli | B9: =(1+B$5)*(Proj_Inputs!$B$20+B$6)/Proj_Inputs!$B$20*((Proj_Inputs!$B$21+B$7)*(1-Proj_Inputs!$B$24)*NPV_Pirelli!$B$47+NPV_Pirelli!$B$49)+(1+B$8)*NPV_Pirelli!$B$48 -> -100.13357 | C9: =(1+C$5)*(Proj_Inputs!$B$20+C$6)/Proj_Inputs!$B$20*((Proj_Inputs!$B$21+C$7)*(1-Proj_Inputs!$B$24)*NPV_Pirelli!$B$47+NPV_Pirelli!$B$49)+(1+C$8)*NPV_Pirelli!$B$48 -> 405.32106 | D9: =(1+D$5)*(Proj_Inputs!$B$20+D$6)/Proj_Inputs!$B$20*((Proj_Inputs!$B$21+D$7)*(1-Proj_Inputs!$B$24)*NPV_Pirelli!$B$47+NPV_Pirelli!$B$49)+(1+D$8)*NPV_Pirelli!$B$48 -> 740.3258 | E9: USD m; base column equals the NPV sheet
A10: NPV Hankook | B10: =(1+B$5)*(Proj_Inputs!$C$20+B$6)/Proj_Inputs!$C$20*((Proj_Inputs!$C$21+B$7)*(1-Proj_Inputs!$C$24)*NPV_Hankook!$B$47+NPV_Hankook!$B$49)+(1+B$8)*NPV_Hankook!$B$48 -> -643.42669 | C10: =(1+C$5)*(Proj_Inputs!$C$20+C$6)/Proj_Inputs!$C$20*((Proj_Inputs!$C$21+C$7)*(1-Proj_Inputs!$C$24)*NPV_Hankook!$B$47+NPV_Hankook!$B$49)+(1+C$8)*NPV_Hankook!$B$48 -> -89.741191 | D10: =(1+D$5)*(Proj_Inputs!$C$20+D$6)/Proj_Inputs!$C$20*((Proj_Inputs!$C$21+D$7)*(1-Proj_Inputs!$C$24)*NPV_Hankook!$B$47+NPV_Hankook!$B$49)+(1+D$8)*NPV_Hankook!$B$48 -> 254.42989 | E10: USD m; base column equals the NPV sheet
A11: Profitability index Pirelli | B11: =1+B9/((1+B$8)*NPV_Pirelli!$B$39) -> 0.90416765 | C11: =1+C9/((1+C$8)*NPV_Pirelli!$B$39) -> 1.4460971 | D11: =1+D9/((1+D$8)*NPV_Pirelli!$B$39) -> 1.814804 | E11: PV of capex increases with the overrun
A12: Profitability index Hankook | B12: =1+B10/((1+B$8)*NPV_Hankook!$B$39) -> 0.60733153 | C12: =1+C10/((1+C$8)*NPV_Hankook!$B$39) -> 0.93701797 | D12: =1+D10/((1+D$8)*NPV_Hankook!$B$39) -> 1.1785636 | E12: PV of capex increases with the overrun
A13: Scenarios change prices, volumes, margins and capex; the timing of the projects is kept as in the base case.
A15: Monte Carlo Simulation (500 draws) | B15: Pirelli | C15: Hankook | D15: Unit | E15: Relevant Informations / Formulas
A16: Mean NPV | B16: =AVERAGE($N$25:$N$524) -> 285.16922 | C16: =AVERAGE($O$25:$O$524) -> -235.37846 | D16: USD m | E16: Each row below is one possible future: random shocks are drawn and the NPV is recalculated
A17: Median NPV | B17: =MEDIAN($N$25:$N$524) -> 284.82921 | C17: =MEDIAN($O$25:$O$524) -> -249.50896 | D17: USD m
A18: Standard deviation | B18: =STDEV($N$25:$N$524) -> 173.52239 | C18: =STDEV($O$25:$O$524) -> 194.47958 | D18: USD m
A19: 5th percentile | B19: =PERCENTILE($N$25:$N$524,0.05) -> -5.5061003 | C19: =PERCENTILE($O$25:$O$524,0.05) -> -535.20594 | D19: USD m
A20: 95th percentile | B20: =PERCENTILE($N$25:$N$524,0.95) -> 581.18035 | C20: =PERCENTILE($O$25:$O$524,0.95) -> 110.16552 | D20: USD m
A21: Probability of NPV < 0 | B21: =COUNTIF($N$25:$N$524,"<0")/COUNT($N$25:$N$524) -> 0.052 | C21: =COUNTIF($O$25:$O$524,"<0")/COUNT($O$25:$O$524) -> 0.878 | D21: percentage
A23: Draws: random numbers u between 0 and 1 (generated with RAND() and pasted as values, so results are reproducible); shock = minimum + (maximum - minimum) x u
A24: Draw | B24: u Price | C24: u Margin | D24: u Util. P | E24: u Capex P | F24: u Util. H | G24: u Capex H | H24: Price shock | I24: Margin shock | J24: Util. shock P | K24: Capex overrun P | L24: Util. shock H | M24: Capex overrun H | N24: NPV Pirelli | O24: NPV Hankook
A25: 1 | B25: 0.470091 | C25: 0.728264 | D25: 0.303751 | E25: 0.887298 | F25: 0.410089 | G25: 0.716614 | H25: =Proj_Inputs!$B$44+(Proj_Inputs!$C$44-Proj_Inputs!$B$44)*B25 -> -0.0059818 | I25: =Proj_Inputs!$B$45+(Proj_Inputs!$C$45-Proj_Inputs!$B$45)*C25 -> 0.01826112 | J25: =Proj_Inputs!$B$46+(Proj_Inputs!$C$46-Proj_Inputs!$B$46)*D25 -> -0.0892498 | K25: =Proj_Inputs!$B$47+(Proj_Inputs!$C$47-Proj_Inputs!$B$47)*E25 -> 0.1718245 | L25: =Proj_Inputs!$B$46+(Proj_Inputs!$C$46-Proj_Inputs!$B$46)*F25 -> -0.0679822 | M25: =Proj_Inputs!$B$47+(Proj_Inputs!$C$47-Proj_Inputs!$B$47)*G25 -> 0.1291535 | N25: =(1+H25)*(Proj_Inputs!$B$20+J25)/Proj_Inputs!$B$20*((Proj_Inputs!$B$21+I25)*(1-Proj_Inputs!$B$24)*NPV_Pirelli!$B$47+NPV_Pirelli!$B$49)+(1+K25)*NPV_Pirelli!$B$48 -> 246.21456 | O25: =(1+H25)*(Proj_Inputs!$C$20+L25)/Proj_Inputs!$C$20*((Proj_Inputs!$C$21+I25)*(1-Proj_Inputs!$C$24)*NPV_Hankook!$B$47+NPV_Hankook!$B$49)+(1+M25)*NPV_Hankook!$B$48 -> -212.01424
A26: 2 | B26: 0.265221 | C26: 0.245167 | D26: 0.812582 | E26: 0.498301 | F26: 0.415872 | G26: 0.727759 | H26: =Proj_Inputs!$B$44+(Proj_Inputs!$C$44-Proj_Inputs!$B$44)*B26 -> -0.0469558 | I26: =Proj_Inputs!$B$45+(Proj_Inputs!$C$45-Proj_Inputs!$B$45)*C26 -> -0.02038664 | J26: =Proj_Inputs!$B$46+(Proj_Inputs!$C$46-Proj_Inputs!$B$46)*D26 -> 0.0125164 | K26: =Proj_Inputs!$B$47+(Proj_Inputs!$C$47-Proj_Inputs!$B$47)*E26 -> 0.07457525 | L26: =Proj_Inputs!$B$46+(Proj_Inputs!$C$46-Proj_Inputs!$B$46)*F26 -> -0.0668256 | M26: =Proj_Inputs!$B$47+(Proj_Inputs!$C$47-Proj_Inputs!$B$47)*G26 -> 0.13193975 | N26: =(1+H26)*(Proj_Inputs!$B$20+J26)/Proj_Inputs!$B$20*((Proj_Inputs!$B$21+I26)*(1-Proj_Inputs!$B$24)*NPV_Pirelli!$B$47+NPV_Pirelli!$B$49)+(1+K26)*NPV_Pirelli!$B$48 -> 184.4359 | O26: =(1+H26)*(Proj_Inputs!$C$20+L26)/Proj_Inputs!$C$20*((Proj_Inputs!$C$21+I26)*(1-Proj_Inputs!$C$24)*NPV_Hankook!$B$47+NPV_Hankook!$B$49)+(1+M26)*NPV_Hankook!$B$48 -> -492.874
A27: 3 | B27: 0.96325 | C27: 0.309529 | D27: 0.70406 | E27: 0.519351 | F27: 0.73136 | G27: 0.999663 | H27: =Proj_Inputs!$B$44+(Proj_Inputs!$C$44-Proj_Inputs!$B$44)*B27 -> 0.09265 | I27: =Proj_Inputs!$B$45+(Proj_Inputs!$C$45-Proj_Inputs!$B$45)*C27 -> -0.01523768 | J27: =Proj_Inputs!$B$46+(Proj_Inputs!$C$46-Proj_Inputs!$B$46)*D27 -> -0.009188 | K27: =Proj_Inputs!$B$47+(Proj_Inputs!$C$47-Proj_Inputs!$B$47)*E27 -> 0.07983775 | L27: =Proj_Inputs!$B$46+(Proj_Inputs!$C$46-Proj_Inputs!$B$46)*F27 -> -0.003728 | M27: =Proj_Inputs!$B$47+(Proj_Inputs!$C$47-Proj_Inputs!$B$47)*G27 -> 0.19991575 | N27: =(1+H27)*(Proj_Inputs!$B$20+J27)/Proj_Inputs!$B$20*((Proj_Inputs!$B$21+I27)*(1-Proj_Inputs!$B$24)*NPV_Pirelli!$B$47+NPV_Pirelli!$B$49)+(1+K27)*NPV_Pirelli!$B$48 -> 337.71446 | O27: =(1+H27)*(Proj_Inputs!$C$20+L27)/Proj_Inputs!$C$20*((Proj_Inputs!$C$21+I27)*(1-Proj_Inputs!$C$24)*NPV_Hankook!$B$47+NPV_Hankook!$B$49)+(1+M27)*NPV_Hankook!$B$48 -> -341.32667
A28: 4 | B28: 0.206382 | C28: 0.752591 | D28: 0.468533 | E28: 0.709035 | F28: 0.871907 | G28: 0.148371 | H28: =Proj_Inputs!$B$44+(Proj_Inputs!$C$44-Proj_Inputs!$B$44)*B28 -> -0.0587236 | I28: =Proj_Inputs!$B$45+(Proj_Inputs!$C$45-Proj_Inputs!$B$45)*C28 -> 0.02020728 | J28: =Proj_Inputs!$B$46+(Proj_Inputs!$C$46-Proj_Inputs!$B$46)*D28 -> -0.0562934 | K28: =Proj_Inputs!$B$47+(Proj_Inputs!$C$47-Proj_Inputs!$B$47)*E28 -> 0.12725875 | L28: =Proj_Inputs!$B$46+(Proj_Inputs!$C$46-Proj_Inputs!$B$46)*F28 -> 0.0243814 | M28: =Proj_Inputs!$B$47+(Proj_Inputs!$C$47-Proj_Inputs!$B$47)*G28 -> -0.01290725 | N28: =(1+H28)*(Proj_Inputs!$B$20+J28)/Proj_Inputs!$B$20*((Proj_Inputs!$B$21+I28)*(1-Proj_Inputs!$B$24)*NPV_Pirelli!$B$47+NPV_Pirelli!$B$49)+(1+K28)*NPV_Pirelli!$B$48 -> 274.92802 | O28: =(1+H28)*(Proj_Inputs!$C$20+L28)/Proj_Inputs!$C$20*((Proj_Inputs!$C$21+I28)*(1-Proj_Inputs!$C$24)*NPV_Hankook!$B$47+NPV_Hankook!$B$49)+(1+M28)*NPV_Hankook!$B$48 -> 23.488799
A29: 5 | B29: 0.212611 | C29: 0.41191 | D29: 0.058485 | E29: 0.349445 | F29: 0.416571 | G29: 0.124184 | H29: =Proj_Inputs!$B$44+(Proj_Inputs!$C$44-Proj_Inputs!$B$44)*B29 -> -0.0574778 | I29: =Proj_Inputs!$B$45+(Proj_Inputs!$C$45-Proj_Inputs!$B$45)*C29 -> -0.0070472 | J29: =Proj_Inputs!$B$46+(Proj_Inputs!$C$46-Proj_Inputs!$B$46)*D29 -> -0.138303 | K29: =Proj_Inputs!$B$47+(Proj_Inputs!$C$47-Proj_Inputs!$B$47)*E29 -> 0.03736125 | L29: =Proj_Inputs!$B$46+(Proj_Inputs!$C$46-Proj_Inputs!$B$46)*F29 -> -0.0666858 | M29: =Proj_Inputs!$B$47+(Proj_Inputs!$C$47-Proj_Inputs!$B$47)*G29 -> -0.018954 | N29: =(1+H29)*(Proj_Inputs!$B$20+J29)/Proj_Inputs!$B$20*((Proj_Inputs!$B$21+I29)*(1-Proj_Inputs!$B$24)*NPV_Pirelli!$B$47+NPV_Pirelli!$B$49)+(1+K29)*NPV_Pirelli!$B$48 -> 99.594548 | O29: =(1+H29)*(Proj_Inputs!$C$20+L29)/Proj_Inputs!$C$20*((Proj_Inputs!$C$21+I29)*(1-Proj_Inputs!$C$24)*NPV_Hankook!$B$47+NPV_Hankook!$B$49)+(1+M29)*NPV_Hankook!$B$48 -> -246.51913
A30: 6 | B30: 0.743504 | C30: 0.762811 | D30: 0.390306 | E30: 0.345296 | F30: 0.201148 | G30: 0.426807 | H30: =Proj_Inputs!$B$44+(Proj_Inputs!$C$44-Proj_Inputs!$B$44)*B30 -> 0.0487008 | I30: =Proj_Inputs!$B$45+(Proj_Inputs!$C$45-Proj_Inputs!$B$45)*C30 -> 0.02102488 | J30: =Proj_Inputs!$B$46+(Proj_Inputs!$C$46-Proj_Inputs!$B$46)*D30 -> -0.0719388 | K30: =Proj_Inputs!$B$47+(Proj_Inputs!$C$47-Proj_Inputs!$B$47)*E30 -> 0.036324 | L30: =Proj_Inputs!$B$46+(Proj_Inputs!$C$46-Proj_Inputs!$B$46)*F30 -> -0.1097704 | M30: =Proj_Inputs!$B$47+(Proj_Inputs!$C$47-Proj_Inputs!$B$47)*G30 -> 0.05670175 | N30: =(1+H30)*(Proj_Inputs!$B$20+J30)/Proj_Inputs!$B$20*((Proj_Inputs!$B$21+I30)*(1-Proj_Inputs!$B$24)*NPV_Pirelli!$B$47+NPV_Pirelli!$B$49)+(1+K30)*NPV_Pirelli!$B$48 -> 460.25402 | O30: =(1+H30)*(Proj_Inputs!$C$20+L30)/Proj_Inputs!$C$20*((Proj_Inputs!$C$21+I30)*(1-Proj_Inputs!$C$24)*NPV_Hankook!$B$47+NPV_Hankook!$B$49)+(1+M30)*NPV_Hankook!$B$48 -> -108.06123
A31: 7 | B31: 0.316454 | C31: 0.214057 | D31: 0.867801 | E31: 0.229103 | F31: 0.040487 | G31: 0.22522 | H31: =Proj_Inputs!$B$44+(Proj_Inputs!$C$44-Proj_Inputs!$B$44)*B31 -> -0.0367092 | I31: =Proj_Inputs!$B$45+(Proj_Inputs!$C$45-Proj_Inputs!$B$45)*C31 -> -0.02287544 | J31: =Proj_Inputs!$B$46+(Proj_Inputs!$C$46-Proj_Inputs!$B$46)*D31 -> 0.0235602 | K31: =Proj_Inputs!$B$47+(Proj_Inputs!$C$47-Proj_Inputs!$B$47)*E31 -> 0.00727575 | L31: =Proj_Inputs!$B$46+(Proj_Inputs!$C$46-Proj_Inputs!$B$46)*F31 -> -0.1419026 | M31: =Proj_Inputs!$B$47+(Proj_Inputs!$C$47-Proj_Inputs!$B$47)*G31 -> 0.006305 | N31: =(1+H31)*(Proj_Inputs!$B$20+J31)/Proj_Inputs!$B$20*((Proj_Inputs!$B$21+I31)*(1-Proj_Inputs!$B$24)*NPV_Pirelli!$B$47+NPV_Pirelli!$B$49)+(1+K31)*NPV_Pirelli!$B$48 -> 245.98204 | O31: =(1+H31)*(Proj_Inputs!$C$20+L31)/Proj_Inputs!$C$20*((Proj_Inputs!$C$21+I31)*(1-Proj_Inputs!$C$24)*NPV_Hankook!$B$47+NPV_Hankook!$B$49)+(1+M31)*NPV_Hankook!$B$48 -> -426.74469
A32: 8 | B32: 0.019421 | C32: 0.865412 | D32: 0.843959 | E32: 0.319224 | F32: 0.960346 | G32: 0.804381 | H32: =Proj_Inputs!$B$44+(Proj_Inputs!$C$44-Proj_Inputs!$B$44)*B32 -> -0.0961158 | I32: =Proj_Inputs!$B$45+(Proj_Inputs!$C$45-Proj_Inputs!$B$45)*C32 -> 0.02923296 | J32: =Proj_Inputs!$B$46+(Proj_Inputs!$C$46-Proj_Inputs!$B$46)*D32 -> 0.0187918 | K32: =Proj_Inputs!$B$47+(Proj_Inputs!$C$47-Proj_Inputs!$B$47)*E32 -> 0.029806 | L32: =Proj_Inputs!$B$46+(Proj_Inputs!$C$46-Proj_Inputs!$B$46)*F32 -> 0.0420692 | M32: =Proj_Inputs!$B$47+(Proj_Inputs!$C$47-Proj_Inputs!$B$47)*G32 -> 0.15109525 | N32: =(1+H32)*(Proj_Inputs!$B$20+J32)/Proj_Inputs!$B$20*((Proj_Inputs!$B$21+I32)*(1-Proj_Inputs!$B$24)*NPV_Pirelli!$B$47+NPV_Pirelli!$B$49)+(1+K32)*NPV_Pirelli!$B$48 -> 456.49275 | O32: =(1+H32)*(Proj_Inputs!$C$20+L32)/Proj_Inputs!$C$20*((Proj_Inputs!$C$21+I32)*(1-Proj_Inputs!$C$24)*NPV_Hankook!$B$47+NPV_Hankook!$B$49)+(1+M32)*NPV_Hankook!$B$48 -> -133.79168
A33: 9 | B33: 0.421049 | C33: 0.112035 | D33: 0.851341 | E33: 0.606699 | F33: 0.230602 | G33: 0.995086 | H33: =Proj_Inputs!$B$44+(Proj_Inputs!$C$44-Proj_Inputs!$B$44)*B33 -> -0.0157902 | I33: =Proj_Inputs!$B$45+(Proj_Inputs!$C$45-Proj_Inputs!$B$45)*C33 -> -0.0310372 | J33: =Proj_Inputs!$B$46+(Proj_Inputs!$C$46-Proj_Inputs!$B$46)*D33 -> 0.0202682 | K33: =Proj_Inputs!$B$47+(Proj_Inputs!$C$47-Proj_Inputs!$B$47)*E33 -> 0.10167475 | L33: =Proj_Inputs!$B$46+(Proj_Inputs!$C$46-Proj_Inputs!$B$46)*F33 -> -0.1038796 | M33: =Proj_Inputs!$B$47+(Proj_Inputs!$C$47-Proj_Inputs!$B$47)*G33 -> 0.1987715 | N33: =(1+H33)*(Proj_Inputs!$B$20+J33)/Proj_Inputs!$B$20*((Proj_Inputs!$B$21+I33)*(1-Proj_Inputs!$B$24)*NPV_Pirelli!$B$47+NPV_Pirelli!$B$49)+(1+K33)*NPV_Pirelli!$B$48 -> 139.54922 | O33: =(1+H33)*(Proj_Inputs!$C$20+L33)/Proj_Inputs!$C$20*((Proj_Inputs!$C$21+I33)*(1-Proj_Inputs!$C$24)*NPV_Hankook!$B$47+NPV_Hankook!$B$49)+(1+M33)*NPV_Hankook!$B$48 -> -645.06343
A34: 10 | B34: 0.365711 | C34: 0.203092 | D34: 0.493342 | E34: 0.836514 | F34: 0.141397 | G34: 0.387272 | H34: =Proj_Inputs!$B$44+(Proj_Inputs!$C$44-Proj_Inputs!$B$44)*B34 -> -0.0268578 | I34: =Proj_Inputs!$B$45+(Proj_Inputs!$C$45-Proj_Inputs!$B$45)*C34 -> -0.02375264 | J34: =Proj_Inputs!$B$46+(Proj_Inputs!$C$46-Proj_Inputs!$B$46)*D34 -> -0.0513316 | K34: =Proj_Inputs!$B$47+(Proj_Inputs!$C$47-Proj_Inputs!$B$47)*E34 -> 0.1591285 | L34: =Proj_Inputs!$B$46+(Proj_Inputs!$C$46-Proj_Inputs!$B$46)*F34 -> -0.1217206 | M34: =Proj_Inputs!$B$47+(Proj_Inputs!$C$47-Proj_Inputs!$B$47)*G34 -> 0.046818 | N34: =(1+H34)*(Proj_Inputs!$B$20+J34)/Proj_Inputs!$B$20*((Proj_Inputs!$B$21+I34)*(1-Proj_Inputs!$B$24)*NPV_Pirelli!$B$47+NPV_Pirelli!$B$49)+(1+K34)*NPV_Pirelli!$B$48 -> 46.724222 | O34: =(1+H34)*(Proj_Inputs!$C$20+L34)/Proj_Inputs!$C$20*((Proj_Inputs!$C$21+I34)*(1-Proj_Inputs!$C$24)*NPV_Hankook!$B$47+NPV_Hankook!$B$49)+(1+M34)*NPV_Hankook!$B$48 -> -451.3185
A35: 11 | B35: 0.33726 | C35: 0.940052 | D35: 0.999165 | E35: 0.464961 | F35: 0.169815 | G35: 0.69559 | H35: =Proj_Inputs!$B$44+(Proj_Inputs!$C$44-Proj_Inputs!$B$44)*B35 -> -0.032548 | I35: =Proj_Inputs!$B$45+(Proj_Inputs!$C$45-Proj_Inputs!$B$45)*C35 -> 0.03520416 | J35: =Proj_Inputs!$B$46+(Proj_Inputs!$C$46-Proj_Inputs!$B$46)*D35 -> 0.049833 | K35: =Proj_Inputs!$B$47+(Proj_Inputs!$C$47-Proj_Inputs!$B$47)*E35 -> 0.06624025 | L35: =Proj_Inputs!$B$46+(Proj_Inputs!$C$46-Proj_Inputs!$B$46)*F35 -> -0.116037 | M35: =Proj_Inputs!$B$47+(Proj_Inputs!$C$47-Proj_Inputs!$B$47)*G35 -> 0.1238975 | N35: =(1+H35)*(Proj_Inputs!$B$20+J35)/Proj_Inputs!$B$20*((Proj_Inputs!$B$21+I35)*(1-Proj_Inputs!$B$24)*NPV_Pirelli!$B$47+NPV_Pirelli!$B$49)+(1+K35)*NPV_Pirelli!$B$48 -> 600.54833 | O35: =(1+H35)*(Proj_Inputs!$C$20+L35)/Proj_Inputs!$C$20*((Proj_Inputs!$C$21+I35)*(1-Proj_Inputs!$C$24)*NPV_Hankook!$B$47+NPV_Hankook!$B$49)+(1+M35)*NPV_Hankook!$B$48 -> -199.4097
A36: 12 | B36: 0.861185 | C36: 0.331813 | D36: 0.206911 | E36: 0.686573 | F36: 0.097991 | G36: 0.843557 | H36: =Proj_Inputs!$B$44+(Proj_Inputs!$C$44-Proj_Inputs!$B$44)*B36 -> 0.072237 | I36: =Proj_Inputs!$B$45+(Proj_Inputs!$C$45-Proj_Inputs!$B$45)*C36 -> -0.01345496 | J36: =Proj_Inputs!$B$46+(Proj_Inputs!$C$46-Proj_Inputs!$B$46)*D36 -> -0.1086178 | K36: =Proj_Inputs!$B$47+(Proj_Inputs!$C$47-Proj_Inputs!$B$47)*E36 -> 0.12164325 | L36: =Proj_Inputs!$B$46+(Proj_Inputs!$C$46-Proj_Inputs!$B$46)*F36 -> -0.1304018 | M36: =Proj_Inputs!$B$47+(Proj_Inputs!$C$47-Proj_Inputs!$B$47)*G36 -> 0.16088925 | N36: =(1+H36)*(Proj_Inputs!$B$20+J36)/Proj_Inputs!$B$20*((Proj_Inputs!$B$21+I36)*(1-Proj_Inputs!$B$24)*NPV_Pirelli!$B$47+NPV_Pirelli!$B$49)+(1+K36)*NPV_Pirelli!$B$48 -> 162.70817 | O36: =(1+H36)*(Proj_Inputs!$C$20+L36)/Proj_Inputs!$C$20*((Proj_Inputs!$C$21+I36)*(1-Proj_Inputs!$C$24)*NPV_Hankook!$B$47+NPV_Hankook!$B$49)+(1+M36)*NPV_Hankook!$B$48 -> -450.68476
... A524: 500 | B524: 0.681635 | C524: 0.107768 | D524: 0.932454 | E524: 0.064455 | F524: 0.309915 | G524: 0.254488 | H524: =Proj_Inputs!$B$44+(Proj_Inputs!$C$44-Proj_Inputs!$B$44)*B524 -> 0.036327 | I524: =Proj_Inputs!$B$45+(Proj_Inputs!$C$45-Proj_Inputs!$B$45)*C524 -> -0.03137856 | J524: =Proj_Inputs!$B$46+(Proj_Inputs!$C$46-Proj_Inputs!$B$46)*D524 -> 0.0364908 | K524: =Proj_Inputs!$B$47+(Proj_Inputs!$C$47-Proj_Inputs!$B$47)*E524 -> -0.03388625 | L524: =Proj_Inputs!$B$46+(Proj_Inputs!$C$46-Proj_Inputs!$B$46)*F524 -> -0.088017 | M524: =Proj_Inputs!$B$47+(Proj_Inputs!$C$47-Proj_Inputs!$B$47)*G524 -> 0.013622 | N524: =(1+H524)*(Proj_Inputs!$B$20+J524)/Proj_Inputs!$B$20*((Proj_Inputs!$B$21+I524)*(1-Proj_Inputs!$B$24)*NPV_Pirelli!$B$47+NPV_Pirelli!$B$49)+(1+K524)*NPV_Pirelli!$B$48 -> 316.23227 | O524: =(1+H524)*(Proj_Inputs!$C$20+L524)/Proj_Inputs!$C$20*((Proj_Inputs!$C$21+I524)*(1-Proj_Inputs!$C$24)*NPV_Hankook!$B$47+NPV_Hankook!$B$49)+(1+M524)*NPV_Hankook!$B$48 -> -376.45373

Sheet SUMMARY 3 - Projects
A1: Investment Projects - Summary & Comparison
A2: (USD m; all figures linked to 'NPV_Pirelli', 'NPV_Hankook' and 'Risk_Analysis')
A4: Base Case | B4: Pirelli | C4: Hankook | D4: Unit | E4: Notes
A5: Project | B5: =Proj_Inputs!B5 -> Rome (Georgia) plant expansion | C5: =Proj_Inputs!C5 -> Clarksville (Tennessee) plant expansion | D5: text
A6: Decision year (first investment) | B6: =Proj_Inputs!B7 -> 2027 | C6: =Proj_Inputs!C7 -> 2023 | D6: year | E6: NPV measured at this date
A7: Expansion capex | B7: =Proj_Inputs!B6 -> 1200 | C7: =Proj_Inputs!C6 -> 1600 | D7: USD m | E7: Announced budget
A8: Added capacity | B8: =Proj_Inputs!B10+Proj_Inputs!B11 -> 5.55 | C8: =Proj_Inputs!C10+Proj_Inputs!C11 -> 6.5 | D8: m tyres / year | E8: PCLT + TBR
A9: NPV | B9: =NPV_Pirelli!B34 -> 405.32106 | C9: =NPV_Hankook!B34 -> -89.741191 | D9: USD m
A10: NPV | B10: =NPV_Pirelli!B35 -> 374.46513 | C10: =NPV_Hankook!B35 -> -82.909452 | D10: EUR m | E10: At the ECB 2024 average rate
A11: IRR | B11: =NPV_Pirelli!B36 -> 0.1219039 | C11: =NPV_Hankook!B36 -> 0.053335884 | D11: percentage
A12: WACC (hurdle rate) | B12: =NPV_Pirelli!B37 -> 0.076079883 | C12: =NPV_Hankook!B37 -> 0.058803434 | D12: percentage
A13: IRR - WACC | B13: =NPV_Pirelli!B38 -> 0.045824018 | C13: =NPV_Hankook!B38 -> -0.0054675501 | D13: percentage
A14: Profitability index | B14: =NPV_Pirelli!B40 -> 1.4460971 | C14: =NPV_Hankook!B40 -> 0.93701797 | D14: number
A15: Payback period | B15: =NPV_Pirelli!B41 -> 11.854381 | C15: =NPV_Hankook!B41 -> 16.341268 | D15: years
A16: Discounted payback period | B16: =NPV_Pirelli!B42 -> 15.9631 | C16: =NPV_Hankook!B42 -> not recovered | D16: years
A17: NPV at WACC - 1 pp | B17: =NPV_Pirelli!B43 -> 548.54932 | C17: =NPV_Hankook!B43 -> 82.119621 | D17: USD m
A18: NPV at WACC + 1 pp | B18: =NPV_Pirelli!B44 -> 286.20265 | C18: =NPV_Hankook!B44 -> -230.87552 | D18: USD m
A20: Risk Analysis | B20: Pirelli | C20: Hankook | D20: Unit | E20: Notes
A21: NPV - downside scenario | B21: =Risk_Analysis!B9 -> -100.13357 | C21: =Risk_Analysis!B10 -> -643.42669 | D21: USD m
A22: NPV - base case | B22: =Risk_Analysis!C9 -> 405.32106 | C22: =Risk_Analysis!C10 -> -89.741191 | D22: USD m
A23: NPV - upside scenario | B23: =Risk_Analysis!D9 -> 740.3258 | C23: =Risk_Analysis!D10 -> 254.42989 | D23: USD m
A24: Simulation - mean NPV | B24: =Risk_Analysis!B16 -> 285.16922 | C24: =Risk_Analysis!C16 -> -235.37846 | D24: USD m | E24: 500 draws
A25: Simulation - 5th percentile | B25: =Risk_Analysis!B19 -> -5.5061003 | C25: =Risk_Analysis!C19 -> -535.20594 | D25: USD m
A26: Simulation - 95th percentile | B26: =Risk_Analysis!B20 -> 581.18035 | C26: =Risk_Analysis!C20 -> 110.16552 | D26: USD m
A27: Simulation - probability of NPV < 0 | B27: =Risk_Analysis!B21 -> 0.052 | C27: =Risk_Analysis!C21 -> 0.878 | D27: percentage
A29: Course Criteria | B29: Pirelli | C29: Hankook | D29: Unit | E29: Notes
A30: Global IRR (reinvestment at WACC) | B30: =NPV_Pirelli!B53 -> 0.096250076 | C30: =NPV_Hankook!B53 -> 0.056110043 | D30: percentage | E30: Above the WACC for Pirelli, below it for Hankook
A31: Break-even price per car tyre | B31: =NPV_Pirelli!B55 -> 108.97281 | C31: =NPV_Hankook!B55 -> 102.94121 | D31: USD / tyre | E31: Base: $165 / $95
A32: Break-even sales volume | B32: =NPV_Pirelli!B56 -> 3.298904 | C32: =NPV_Hankook!B56 -> 6.3390114 | D32: m tyres / year | E32: Base: 5.0 / 5.85m tyres
A33: Break-even utilisation | B33: =NPV_Pirelli!B57 -> 0.59439712 | C33: =NPV_Hankook!B57 -> 0.97523252 | D33: percentage | E33: Base: 90%
A34: Security index | B34: =NPV_Pirelli!B58 -> 0.33955876 | C34: =NPV_Hankook!B58 -> -0.083591687 | D34: percentage | E34: Negative = sales must rise to break even
A35: Neutral point | B35: =NPV_Pirelli!B59 -> 237.75885 | C35: =NPV_Hankook!B59 -> 390.09301 | D35: days | E35: Hankook above 360: break-even not reached within a year of sales
